 Dungeon Crawl Stone Soup version 0.31.0-11-ge490571c62 (webtiles) character file.

Game seed: 10439515905667617040

373567 qw the Intangible (level 21, -6/129 HPs)
             Began as a Spriggan Hunter on Feb 4, 2024.
             Was an Elder of Okawaru.
             Mangled by a hell knight
             ... wielding a +1 glaive of flaming
             ... led by Margery
              (25 damage)
             ... on level 4 of the Depths.
             The game lasted 00:08:12 (37096 turns).

qw the Intangible (Spriggan Hunter)                Turns: 37096, Time: 00:08:13

Health: -6/129     AC:  6    Str:  7    XL:     21   Next: 33%
Magic:  28/29      EV: 65    Int: 14    God:    Okawaru [****..]
Gold:   332        SH:  0    Dex: 37    Spells: 20/20 levels left

rFire   + + .        y - +8 arbalest "Ugesor" {flame, Int+2}
rCold   + . .        (shield currently unavailable)
rNeg    + . .        r - +1 robe of Vines {NoPotionHeal Regen++++}
rPois   .            B - +0 hat of Inaction {rElec rF+ rN+ Regen+}
rElec   +            a - +2 cloak
rCorr   .            (gloves unavailable)
SInv    +            (boots unavailable)
Will    ++++.        n - amulet of faith
Stlth   +++          p - ring of Zefaed {rF+ rC+ Will+ Dex+3}
HPRegen 4.41/turn    k - +6 ring of dexterity
MPRegen 0.21/turn

%: faith
@: about to teleport, finesse-ful, very quick
A: very small, no large weapons, unfitting armour, see invisible, speed 3
}: 2/15 runes: barnacled, gossamer
a: Renounce Religion, Heroism, Finesse


You were on level 4 of the Depths.
You worshipped Okawaru.
Okawaru was greatly pleased with you.
You visited 8 branches of the dungeon, and saw 39 of its levels.
You visited 1 bazaar.
You also visited: Ossuary.

You collected 4694 gold pieces.
You spent 4362 gold pieces at shops.


Innate Abilities, Weirdness & Mutations

You are very small and have problems with some larger weapons.
You are too small for most types of armour.
You have supernaturally acute eyesight. (SInv)
You cover ground extremely quickly. (Speed+++)


   Skills:
 + Level 20.9 Fighting
 - Level 20.0 Ranged Weapons
 - Level 4.1 Armour
 O Level 27 Dodging
 - Level 1.5 Stealth
 - Level 10.0 Invocations


You had 20 spell levels left.
You didn't know any spells.
Your spell library was empty.

Inventory:

Hand Weapons
 y - the +8 arbalest "Ugesor" (weapon) {flame, Int+2}
   (Okawaru gifted it to you on level 5 of the Lair of Beasts)

   Int+2:     It affects your intelligence (+2).
Armour
 a - a +2 cloak (worn)
 e - a scarf of resistance
 r - the +1 robe of Vines (worn) {NoPotionHeal Regen++++}
   (You bought it in a shop on level 2 of the Orcish Mines)

   NoPotionHeal: Its wearer cannot be healed by potions.
   Regen++++: It increases your rate of health regeneration.
 x - the +0 cloak "Xyesautz" {^Drain rC- Regen+ SInv Stlth+}
   (Okawaru gifted it to you on level 5 of the Lair of Beasts)

   rC-:       It makes you vulnerable to cold.
   SInv:      It lets you see invisible.
   Regen+:    It increases your rate of health regeneration.
   ^Drain:    It drains your maximum health when unequipped.
   Stlth+:    It makes you more stealthy.
 B - the +0 hat of Inaction (worn) {rElec rF+ rN+ Regen+}
   (You found it on level 4 of the Spider Nest)

   rF+:       It protects you from fire.
   rElec:     It insulates you from electricity.
   rN+:       It protects you from negative energy.
   Regen+:    It increases your rate of health regeneration.
Jewellery
 b - the ring of Agycwud {rF++ rC- AC+4 Str+4 Stlth+}
   (You took it off an orc priest on level 8 of the Dungeon)

   [ring of protection]

   AC+4:      It affects your AC (+4).
   Str+4:     It affects your strength (+4).
   rF++:      It greatly protects you from fire.
   rC-:       It makes you vulnerable to cold.
   Stlth+:    It makes you more stealthy.
 k - a +6 ring of dexterity (right hand)
 n - an amulet of faith (around neck)
 p - the ring of Zefaed (left hand) {rF+ rC+ Will+ Dex+3}
   (You took it off a wight on level 8 of the Dungeon)

   [ring of willpower]

   Dex+3:     It affects your dexterity (+3).
   rF+:       It protects you from fire.
   rC+:       It protects you from cold.
   Will+:     It increases your willpower.
 t - an amulet of regeneration
 D - a +6 ring of dexterity
Wands
 l - a wand of quicksilver (14)
 o - a wand of iceblast (37)
 q - a wand of charming (20)
 s - a wand of digging (10)
 v - a wand of polymorph (9)
Scrolls
 d - 4 scrolls of identify
 h - a scroll of enchant armour
 m - a scroll of teleportation
 u - 6 scrolls of enchant weapon
Potions
 c - 8 potions of haste
 f - 33 potions of curing
 g - 11 potions of cancellation
 i - 9 potions of mutation
 j - 6 potions of resistance
 w - 7 potions of might
 z - 8 potions of heal wounds
 A - 2 potions of enlightenment
 C - 4 potions of magic

Dungeon Overview and Level Annotations

Branches:
Dungeon (15/15)            Temple (1/1) D:7            Lair (5/5) D:11
 Shoals (4/4) Lair:2       Spider (4/4) Lair:2        Slime (0/5) Lair:4
    Orc (2/2) D:10            Elf (0/3) Orc:2        Vaults (4/5) D:13
  Crypt (0/3) Vaults:2     Depths (4/4) D:15        Ossuary (visited)
    Zot: Depths:4

Altars:
Ashenzari
Cheibriados
Dithmenos
Elyvilon
Fedhas
Gozag
Hepliaklqana
Kikubaaqudgha
Makhleb
Nemelex Xobeh
Okawaru
Qazlal
Ru
Sif Muna
Trog
Uskayaw
Vehumet
Wu Jian
Xom
Yredelemnul
Zin
The Shining One
Lugonu

Shops:
Orc:1 (   Orc:2 :[*!!(:(   Shoals:1 (   Vaults:1 !   Vaults:2 [   Depths:2 =::
Depths:3 (

Portals:
Hell: Depths:1 Depths:2 Depths:3 Depths:4
Abyss: Depths:1 Depths:3 Depths:4
Pandemonium: Depths:2 Depths:3 Depths:4
Ziggurat: Depths:2

Annotations:
D:6 1 runed translucent door
Lair:1 2 transporters
Spider:2 2 transporters, Cumomo's ghost, adept SpEn
Depths:3 2 transporters
Depths:4 Margery


Message History

The hell knight completely misses you.
You shoot a bolt. The bolt hits Margery!
The bolt burns Margery.
Margery is lightly wounded.
Margery points at you and mumbles some strange words.
The fireball explodes!
The fireball engulfs you! You resist.
The deep elf high priest shoots an arrow.
The arrow completely misses you.
You shoot a bolt. The bolt hits Margery!
The bolt burns Margery!
Margery is moderately wounded.
The hell knight completely misses you.
You shoot a bolt. The bolt hits Margery!!
The bolt burns Margery!
Margery is heavily wounded.
Margery gestures at you while chanting.
The fireball explodes!
The fireball engulfs you!! You resist.
The deep elf high priest shoots an arrow.
The arrow completely misses you. The hell knight completely misses you.
You shoot a bolt. The bolt hits Margery!!
The bolt burns Margery.
Margery is severely wounded.
The hell knight completely misses you.
You shoot a bolt. The bolt hits Margery!!
The bolt burns Margery!
Margery is almost dead.
Margery casts a spell at you.
The fireball explodes!
The fireball engulfs you!! You resist.
The deep elf high priest calls down the wrath of its god upon you.
The sphere of damnation explodes!
The damnation engulfs you!!
37095 ||| READING 2 scrolls of teleportation.
As you read the scroll of teleportation, it crumbles to dust.
You feel strangely unstable. The hell knight completely misses you.
The hell knight utters an invocation to its god.
The hell knight seems to speed up.
Margery gestures at you while chanting.
The fireball explodes!
The fireball engulfs you! You resist. The hell knight completely misses you.
You shoot a bolt.
The bolt hits the deep elf high priest!!
The bolt burns the deep elf high priest.
The deep elf high priest is severely wounded.
The hell knight hits you from afar with a +1 glaive of flaming!!
You die...

#..........#
###\.e8ยค.....# ##<#
@p.......# #..#
n.......# ###..##
p......# #....@###
......#
##...e%@###...~~#
####....p.p.p..~~#
##...###........~~#
E#...#E#..........#
###...###.......<..#
...................#
...._..............#
.........#........###


You could see Margery (empowered), 2 hell knights and a deep elf high priest.

Vanquished Creatures
  A dread lich (Depths:2)
  Frederick (Vaults:3)
  An ancient lich (Depths:2)
  Mara (Shoals:2)
  2 juggernauts (Depths:4)
  A royal mummy (Depths:2)
  Norris (Depths:3)
  Asterion (Spider:3)
  A titan (Shoals:3)
  A walking divine tome (Depths:1)
  7 sphinxes
  A searing wretch (Depths:4)
  Frances (Spider:2)
  Aizul (Shoals:3)
  2 storm dragons
  Donald (Vaults:2)
  Roxanne (Spider:1)
  7 fire giants
  2 tengu reavers
  10 vault wardens
  8 frost giants
  2 ghost moths
  Louise (Shoals:2)
  3 emperor scorpions
  A cacodemon (Depths:4)
  A spriggan defender (Depths:2)
  10 ironbound preservers
  2 orc warlords (Vaults:1)
  12 very ugly things
  2 broodmothers (Spider:4)
  3 formless jellyfish
  13 stone giants
  4 ironbound thunderhulks
  2 vampire knights
  2 war gargoyles
  A lorocyproca (Depths:3)
  7 dire elephants
  5 spark wasps
  Azrael (D:12)
  4 ettins
  2 crystal guardians
  5 merfolk javelineers
  8 merfolk impalers
  5 mummy priests (Depths:2)
  17 yaktaur captains
  8 entropy weavers
  5 fire dragons
  6 hydras
  3 rakshasas
  8 vault guards
  4 great orbs of eyes
  7 ironbound frosthearts
  An ogre mage (D:15)
  3 peacekeepers
  4 spriggan air magi
  Erolcha (D:11)
  2 ice dragons
  4 merfolk avatars
  A sphinx zombie (Vaults:3)
  4 merfolk aquamancers
  2 satyrs
  2 alligator snapping turtles
  8 centaur warriors
  2 alligators (Shoals:2)
  A death knight (Vaults:2)
  6 two-headed ogres
  4 deep troll shamans (Depths:3)
  3 radroaches
  3 boulder beetles
  2 death scarabs (Spider:4)
  13 demonic crawlers
  2 deep troll earth magi
  2 vampire magi (Vaults:2)
  Urug (D:10)
  8 orc high priests
  2 spriggan berserkers
  5 tengu warriors
  3 occultists
  2 storm dragon zombies (D:15)
  Sonja (Lair:4)
  11 hell knights
  A sun demon (Depths:2)
  Lodul (D:14)
  2 iron trolls
  11 sea snakes
  7 skysharks
  5 skeletal warriors
  3 pharaoh ants
  14 orb spiders
  A spark wasp zombie (D:15)
  28 deep trolls
  4 sun moths
  5 arcanists
  5 steelbarb worms
  A flayed ghost (D:15)
  3 glowing orange brains
  6 deep elf pyromancers
  16 ironbound convokers
  6 necromancers
  9 lindwurms
  5 harpies
  13 orc knights
  3 orc sorcerers
  26 ugly things
  5 moths of wrath
  15 manticores
  17 fauns
  5 cyclopes
  14 wolf spiders
  3 kobold blastminers (Orc:1)
  5 meliai
  7 water nymphs
  7 merfolk sirens
  A rust devil (Depths:4)
  16 elephants
  2 smoke demons
  15 vault sentinels
  3 black mambas (Lair:5)
  Joseph (Lair:1)
  A torpor snail (Spider:3)
  A gargoyle (D:12)
  14 cane toads
  12 komodo dragons
  A freezing wraith (D:14)
  An unseen horror (D:12)
  2 rime drakes
  A yaktaur zombie (Vaults:3)
  A tormentor (Depths:2)
  14 yaktaurs
  2 efreet
  Psyche (D:11)
  A tengu conjurer (Depths:2)
  2 guardian mummies (Depths:2)
  19 merfolk
  6 trolls
  A polar bear (Lair:5)
  14 tarantellas
  6 hornets
  8 blink frogs
  14 snapping turtles
  8 wind drakes
  45 slime creatures
  A dream sheep (Lair:3)
  21 jumping spiders
  2 meliai zombies (D:14)
  20 culicivoras
  2 shadows
  20 water elementals
  A vampire (D:11)
  3 wyverns
  54 yaks
  6 spriggans
  6 wraiths
  7 wargs
  7 basilisks
  A yak (shapeshifter) (D:13)
  3 fire elementals (D:12)
  16 humans (D:13)
  5 steam dragons
  28 redbacks
  2 vampire mosquitoes
  Edmund (D:5)
  2 acid dragons (D:11)
  16 water moccasins
  A hell hound (D:12)
  2 sky beasts
  A swamp drake (D:11)
  5 black bears
  39 orc warriors
  9 boggarts (Vaults:1)
  22 ogres
  27 wolves
  A human skeleton (Vaults:3)
  6 centaurs
  A phantom (D:6)
  6 kobold brigands
  12 bullfrogs
  8 scorpions
  A bullfrog (shapeshifter) (D:13)
  3 gnoll sergeants
  6 wights
  A hornet simulacrum (D:14)
  14 killer bees
  2 electric eels
  3 howler monkeys
  A bombardier beetle (D:4)
  2 jellies
  5 centaur zombies
  5 crimson imps (D:10)
  3 human zombies (Ossuary)
  36 orc priests
  2 hounds
  3 gnoll boudas
  2 sleepcaps
  5 scorpion zombies (Ossuary)
  2 iguanas
  22 orc wizards
  13 hell rats
  5 mummies
  15 gnolls
  10 adders
  13 river rats (Lair:3)
  A shadow imp (D:5)
  5 white imps
  4 ufetubi
  3 adder zombies (Ossuary)
  2 dart slugs
  66 orcs
  6 bats
  2 endoplasms
  A giant cockroach (D:2)
  2 gnoll zombies (Ossuary)
  7 goblins
  11 hobgoblins
  4 jackals (D:2)
  7 quokkas
  3 ball pythons
  A ball python zombie (Ossuary)
  7 frilled lizards
  2 jackal zombies (Ossuary)
  11 kobolds
  3 orc zombies (Ossuary)
  17 rats
1478 creatures vanquished.

Vanquished Creatures (others)
  A culicivora (Spider:4)
  A boggart (Vaults:1)
  A wight (D:8)
  A gnoll (D:8)
  An orc (Orc:2)
5 creatures vanquished.

Grand Total: 1483 creatures vanquished

Notes
Turn   | Place    | Note
-------+----------+-------------------------------------------
     0 | D:1      | qw the Spriggan Hunter began the quest for the Orb.
     0 | D:1      | Reached XP level 1. HP: 10/10 MP: 2/2
     0 | D:1      | 0 ||| qw: Version: 0.3-a-160-g6735b56
     0 | D:1      | 0 ||| qw: Game counter: 5112
     0 | D:1      | 0 ||| qw: Melee chars always use a shield: true
     0 | D:1      | 0 ||| qw: God list: Okawaru
     0 | D:1      | 0 ||| qw: Allow faded altars: false
     0 | D:1      | 0 ||| qw: Do Orc after clearing Dungeon:15 true
     0 | D:1      | 0 ||| qw: Do second Lair branch before Depths: true
     0 | D:1      | 0 ||| qw: Lair rune preference: random
     0 | D:1      | 0 ||| qw: Goals: Normal
     0 | D:1      | 0 ||| PLANNING D:1-11
    44 | D:1      | Reached skill level 3 in Dodging
   164 | D:1      | Reached XP level 2. HP: 13/14 MP: 3/3
   190 | D:1      | Reached skill level 4 in Dodging
   510 | D:1      | Found a faded altar of an unknown god.
   828 | D:1      | 828 ||| UPGRADING to scarf of resistance.
   833 | D:1      | 833 ||| DROPPING amulet of magic regeneration.
   834 | D:1      | 834 ||| UPGRADING to ring of poison resistance.
   835 | D:1      | 835 ||| READING scroll labelled SISHEU XERUL.
   836 | D:1      | 836 ||| READING scroll labelled OPTYGR XEKI.
   836 | D:1      | 836 ||| IDENTIFYING clear potion
   837 | D:1      | 837 ||| DRINKING 2 smoky cyan potions.
   838 | D:1      | 838 ||| DROPPING scroll of butterflies.
   839 | D:1      | 839 ||| DROPPING potion of attraction.
   872 | D:2      | 872 ||| STAIRDANCE
   877 | D:1      | HP: 3/14 [poisoned by an adder]
   878 | D:1      | Reached XP level 3. HP: 4/18 MP: 4/4
   938 | D:2      | 938 ||| STAIRDANCE
   947 | D:2      | 947 ||| STAIRDANCE
   961 | D:2      | 961 ||| STAIRDANCE
  1237 | D:2      | Reached XP level 4. HP: 22/22 MP: 5/5
  1432 | D:2      | 1432 ||| UPGRADING to amulet of the acrobat.
  1437 | D:2      | 1437 ||| UPGRADING to +6 ring of dexterity.
  1438 | D:2      | 1438 ||| READING 2 scrolls of identify.
  1438 | D:2      | 1438 ||| IDENTIFYING viscous brown potion
  1439 | D:2      | 1439 ||| READING scroll of identify.
  1439 | D:2      | 1439 ||| IDENTIFYING lumpy sapphire potion
  1440 | D:2      | 1440 ||| READING 2 scrolls labelled YTZEYMIATA.
  1444 | D:2      | 1444 ||| READING scroll labelled TANGAY WELIHE.
  1445 | D:2      | 1445 ||| DROPPING potion of invisibility.
  1646 | D:3      | Reached skill level 5 in Dodging
  1683 | D:3      | Found a shimmering altar of Xom.
  1937 | D:3      | Reached XP level 5. HP: 19/25 MP: 6/6
  2215 | D:3      | 2215 ||| READING scroll labelled SAWULI ZINUPIB.
  2216 | D:3      | 2216 ||| READING scroll labelled KATZIRI KAWIJU.
  2216 | D:3      | 2216 ||| BRANDING +0 shortbow.
  2224 | D:3      | Reached skill level 6 in Dodging
  2253 | D:3      | 2253 ||| READING scroll labelled AZIGRY BINTUM.
  2297 | D:3      | 2297 ||| READING scroll labelled COLYWNENAO.
  2314 | D:4      | 2314 ||| PLANNING OSSUARY
  2340 | D:4      | HP: 6/26 [burnt (2)]
  2343 | D:4      | HP: 2/26 [burnt (1)]
  2632 | D:4      | Found a sand-covered staircase.
  2636 | D:4      | Reached XP level 6. HP: 30/30 MP: 7/7
  2636 | D:4      | 2636 ||| UPGRADING to amulet of faith.
  2646 | D:4      | 2646 ||| READING scroll of identify.
  2646 | D:4      | 2646 ||| IDENTIFYING fizzy ruby potion
  2647 | D:4      | 2647 ||| READING scroll labelled WUETI JOEDICYI.
  2654 | Ossuary  | Entered an ossuary
  2679 | Ossuary  | Reached skill level 6 in Ranged Weapons
  2741 | Ossuary  | Reached skill level 7 in Dodging
  2806 | Ossuary  | Reached XP level 7. HP: 28/35 MP: 8/8
  2844 | Ossuary  | Reached skill level 8 in Dodging
  3034 | Ossuary  | Reached skill level 9 in Dodging
  3111 | Ossuary  | Reached XP level 8. HP: 27/39 MP: 9/9
  3190 | Ossuary  | 3190 ||| READING 3 scrolls of identify.
  3190 | Ossuary  | 3190 ||| IDENTIFYING lumpy cyan potion
  3191 | Ossuary  | 3191 ||| READING 2 scrolls of identify.
  3191 | Ossuary  | 3191 ||| IDENTIFYING gluggy clear potion
  3192 | Ossuary  | 3192 ||| READING scroll of identify.
  3192 | Ossuary  | 3192 ||| IDENTIFYING dark potion
  3193 | Ossuary  | 3193 ||| READING 2 scrolls labelled YQEROIM VISCH.
  3294 | Ossuary  | 3294 ||| DRINKING 3 amethyst potions.
  3295 | Ossuary  | 3295 ||| DROPPING potion of ambrosia.
  3296 | Ossuary  | 3296 ||| DROPPING potion of degeneration.
  3297 | Ossuary  | 3297 ||| DROPPING scroll of silence.
  3298 | Ossuary  | 3298 ||| DROPPING potion of magic.
  3350 | D:4      | 3350 ||| PLANNING D:1-11
  3580 | D:4      | 3580 ||| READING scroll labelled GOWEVU WEMPUA.
  3581 | D:4      | 3581 ||| READING scroll labelled QAIGEPL XEBYFU.
  3581 | D:4      | 3581 ||| ENCHANTING +0 shortbow of flaming.
  3611 | D:5      | Entered Level 5 of the Dungeon
  3704 | D:5      | Found a sacrificial altar of Ru.
  4000 | D:5      | Noticed Edmund
  4018 | D:5      | Killed Edmund
  4069 | D:5      | Found a snail-covered altar of Cheibriados.
  4072 | D:5      | Found a hazy altar of Hepliaklqana.
  4072 | D:5      | Found a broken altar of Ashenzari.
  4309 | D:5      | Found a glowing silver altar of Zin.
  4396 | D:5      | Reached skill level 3 in Fighting
  4587 | D:5      | 4587 ||| READING scroll of identify.
  4587 | D:5      | 4587 ||| IDENTIFYING emerald potion
  4588 | D:5      | 4588 ||| DRINKING 2 orange potions.
  4635 | D:5      | 4635 ||| DROPPING potion of lignification.
  4683 | D:6      | Reached skill level 9 in Ranged Weapons
  4709 | D:6      | 4709 ||| RETREEEEATING.
  4710 | D:6      | 4710 ||| RETREEEEATING.
  4711 | D:6      | 4711 ||| RETREEEEATING.
  4714 | D:6      | 4714 ||| RETREEEEATING.
  4716 | D:6      | 4716 ||| RETREEEEATING.
  4721 | D:6      | 4721 ||| RETREEEEATING.
  4722 | D:6      | 4722 ||| FLEEEEING.
  4723 | D:6      | 4723 ||| RETREEEEATING.
  4724 | D:6      | 4724 ||| RETREEEEATING.
  4725 | D:6      | 4725 ||| RETREEEEATING.
  4751 | D:6      | Reached skill level 10 in Dodging
  5065 | D:6      | Found a runed translucent door.
  5079 | D:6      | Found a basalt altar of Yredelemnul.
  5263 | D:6      | Reached XP level 9. HP: 44/44 MP: 10/10
  5271 | D:6      | Reached skill level 11 in Dodging
  5455 | D:6      | 5455 ||| DROPPING +6 ring of intelligence.
  5456 | D:6      | 5456 ||| READING scroll of identify.
  5456 | D:6      | 5456 ||| IDENTIFYING scroll labelled VIWIRHAORPH
  5457 | D:6      | 5457 ||| DROPPING scroll of immolation.
  5581 | D:7      | Found a staircase to the Ecumenical Temple.
  5582 | D:7      | 5582 ||| PLANNING TEMPLE
  5587 | Temple   | Entered the Ecumenical Temple
  5588 | Temple   | 5588 ||| PLANNING D:1-11
  6339 | D:7      | 6339 ||| READING scroll of identify.
  6339 | D:7      | 6339 ||| IDENTIFYING fizzy silvery potion
  6340 | D:7      | 6340 ||| READING scroll labelled KOCSUO GIDOU.
  6341 | D:7      | 6341 ||| DROPPING potion of berserk rage.
  6398 | D:8      | 6398 ||| SWAPPING to +0 orcbow.
  6399 | D:8      | 6399 ||| DROPPING +0 shortbow of flaming.
  6410 | D:8      | 6410 ||| RETREEEEATING.
  6426 | D:8      | Reached skill level 12 in Dodging
  6426 | D:8      | Noticed a cyan ugly thing
  6427 | D:8      | 6427 ||| ZAPPING wand of quicksilver (2) at -2,-1 (cyan
                  | ugly thing; floor).
  6428 | D:8      | 6428 ||| ZAPPING wand of quicksilver (1) at -2,-1 (cyan
                  | ugly thing; floor).
  6431 | D:8      | 6431 ||| DRINKING 2 potions of haste.
  6433 | D:8      | HP: 10/44 [cyan ugly thing (17)]
  6434 | D:8      | 6434 ||| READING 3 scrolls of teleportation.
  6435 | D:8      | 6435 ||| DRINKING potion of heal wounds.
  6441 | D:8      | Killed a cyan ugly thing
  6442 | D:8      | 6442 ||| FLEEEEING.
  6502 | D:8      | Identified the ring of Agycwud {rF++ rC- AC+4 Str+4 Stlth+}
  6653 | D:8      | Reached XP level 10. HP: 51/51 MP: 11/11
  6690 | D:8      | Identified the ring of Zefaed {rF+ rC+ Will+ Dex+3}
  6815 | D:8      | 6815 ||| FLEEEEING.
  6816 | D:8      | 6816 ||| FLEEEEING.
  6817 | D:8      | 6817 ||| FLEEEEING.
  6818 | D:8      | 6818 ||| FLEEEEING.
  6820 | D:8      | 6820 ||| FLEEEEING.
  6834 | D:8      | Noticed a two-headed ogre
  6834 | D:8      | 6834 ||| DRINKING potion of haste.
  6846 | D:8      | Killed a two-headed ogre
  6847 | D:8      | Reached skill level 13 in Dodging
  6851 | D:8      | HP: 10/51 [centaur/arrow (14)]
  6852 | D:8      | 6852 ||| READING 2 scrolls of teleportation.
  6856 | D:8      | Noticed a deep elf pyromancer
  6857 | D:8      | 6857 ||| READING scroll of teleportation.
  6857 | D:8      | HP: 7/51 [deep elf pyromancer/+0 long sword (4)]
  6861 | D:8      | HP: 3/51 [deep elf pyromancer/+0 long sword (5)]
  7025 | D:8      | Noticed a centaur warrior
  7041 | D:8      | HP: 12/51 [centaur warrior/+2 spectral lajatang (18)]
  7042 | D:8      | Killed a centaur warrior
  7043 | D:8      | Reached skill level 14 in Dodging
  7323 | D:8      | Found a hide-covered altar of Uskayaw.
  7326 | D:8      | Killed a deep elf pyromancer
  7338 | D:8      | Identified the +8 spear of Byryat {spect, rC+}
  7687 | D:8      | Reached skill level 12 in Ranged Weapons
  7863 | D:8      | 7863 ||| UPGRADING to +0 steam dragon scales.
  7873 | D:8      | 7873 ||| DROPPING +0 robe.
  7874 | D:8      | 7874 ||| READING 2 scrolls of enchant armour.
  7874 | D:8      | 7874 ||| ENCHANTING +0 steam dragon scales.
  7875 | D:8      | 7875 ||| READING scroll of enchant armour.
  7875 | D:8      | 7875 ||| ENCHANTING +1 steam dragon scales.
  7876 | D:8      | 7876 ||| UPGRADING to ring of Agycwud {rF++ rC- AC+4 Str+4
                  | Stlth+}.
  7878 | D:8      | 7878 ||| UPGRADING to +5 ring of evasion.
  7880 | D:8      | 7880 ||| DROPPING ring of poison resistance.
  7881 | D:8      | 7881 ||| DROPPING +6 ring of strength.
  7882 | D:8      | 7882 ||| UPGRADING to ring of Zefaed {rF+ rC+ Will+ Dex+3}.
  7934 | D:9      | Reached skill level 1 in Armour
  7965 | D:9      | 7965 ||| RETREEEEATING.
  7966 | D:9      | 7966 ||| RETREEEEATING.
  7969 | D:9      | 7969 ||| RETREEEEATING.
  7970 | D:9      | 7970 ||| RETREEEEATING.
  7980 | D:9      | 7980 ||| RETREEEEATING.
  7981 | D:9      | 7981 ||| RETREEEEATING.
  7984 | D:9      | 7984 ||| RETREEEEATING.
  7985 | D:9      | 7985 ||| RETREEEEATING.
  7986 | D:9      | 7986 ||| RETREEEEATING.
  7987 | D:9      | 7987 ||| RETREEEEATING.
  7988 | D:9      | 7988 ||| RETREEEEATING.
  8005 | D:9      | Reached XP level 11. HP: 36/54 MP: 12/12
  8023 | D:9      | HP: 5/54 [yak (12)]
  8030 | D:9      | Reached skill level 15 in Dodging
  8389 | D:9      | 8389 ||| RETREEEEATING.
  8391 | D:9      | 8391 ||| RETREEEEATING.
  8393 | D:9      | 8393 ||| RETREEEEATING.
  8397 | D:9      | 8397 ||| RETREEEEATING.
  8399 | D:9      | 8399 ||| RETREEEEATING.
  8401 | D:9      | 8401 ||| RETREEEEATING.
  8403 | D:9      | 8403 ||| RETREEEEATING.
  8588 | D:9      | 8588 ||| RETREEEEATING.
  8589 | D:9      | 8589 ||| RETREEEEATING.
  8590 | D:9      | 8590 ||| RETREEEEATING.
  8591 | D:9      | 8591 ||| RETREEEEATING.
  8592 | D:9      | 8592 ||| RETREEEEATING.
  8593 | D:9      | 8593 ||| RETREEEEATING.
  8594 | D:9      | 8594 ||| RETREEEEATING.
  8616 | D:9      | 8616 ||| FLEEEEING.
  8617 | D:9      | 8617 ||| FLEEEEING.
  8618 | D:9      | 8618 ||| FLEEEEING.
  8619 | D:9      | 8619 ||| FLEEEEING.
  8620 | D:9      | 8620 ||| FLEEEEING.
  8621 | D:9      | 8621 ||| FLEEEEING.
  8622 | D:9      | 8622 ||| FLEEEEING.
  8623 | D:9      | 8623 ||| FLEEEEING.
  8707 | D:9      | 8707 ||| RETREEEEATING.
  8708 | D:9      | 8708 ||| RETREEEEATING.
  8710 | D:9      | 8710 ||| RETREEEEATING.
  8711 | D:9      | 8711 ||| RETREEEEATING.
  8712 | D:9      | 8712 ||| RETREEEEATING.
  8714 | D:9      | 8714 ||| RETREEEEATING.
  8716 | D:9      | 8716 ||| RETREEEEATING.
  8726 | D:9      | Reached skill level 16 in Dodging
  8739 | D:9      | 8739 ||| FLEEEEING.
  8740 | D:9      | 8740 ||| FLEEEEING.
  8741 | D:9      | 8741 ||| FLEEEEING.
  8742 | D:9      | 8742 ||| FLEEEEING.
  8743 | D:9      | 8743 ||| FLEEEEING.
  8744 | D:9      | 8744 ||| FLEEEEING.
  8745 | D:9      | 8745 ||| FLEEEEING.
  8746 | D:9      | 8746 ||| FLEEEEING.
  8747 | D:9      | 8747 ||| FLEEEEING.
  8748 | D:9      | 8748 ||| FLEEEEING.
  8749 | D:9      | 8749 ||| FLEEEEING.
  8750 | D:9      | 8750 ||| FLEEEEING.
  8751 | D:9      | 8751 ||| FLEEEEING.
  8752 | D:9      | 8752 ||| FLEEEEING.
  8753 | D:9      | 8753 ||| FLEEEEING.
  8754 | D:9      | 8754 ||| FLEEEEING.
  8969 | D:9      | Noticed a centaur warrior
  8970 | D:9      | 8970 ||| ZAPPING wand of quicksilver (9) at 7,2 (centaur
                  | warrior; floor).
  8971 | D:9      | 8971 ||| ZAPPING wand of quicksilver (8) at 7,2 (centaur
                  | warrior; floor).
  8972 | D:9      | 8972 ||| ZAPPING wand of quicksilver (7) at 7,2 (centaur
                  | warrior; floor).
  8973 | D:9      | 8973 ||| ZAPPING wand of quicksilver (6) at 6,2 (centaur
                  | warrior; floor).
  8974 | D:9      | 8974 ||| ZAPPING wand of iceblast (14) at 5,2 (centaur
                  | warrior; floor).
  8975 | D:9      | 8975 ||| ZAPPING wand of iceblast (13) at 5,2 (centaur
                  | warrior; floor).
  8975 | D:9      | Killed a centaur warrior
  9079 | D:10     | Entered Level 10 of the Dungeon
  9142 | D:10     | 9142 ||| RETREEEEATING.
  9145 | D:10     | 9145 ||| RETREEEEATING.
  9250 | D:10     | Noticed Urug
  9252 | D:10     | 9252 ||| ZAPPING wand of quicksilver (5) at -6,-6 (Urug;
                  | floor).
  9253 | D:10     | 9253 ||| ZAPPING wand of iceblast (12) at -5,-5 (Urug;
                  | floor).
  9254 | D:10     | 9254 ||| ZAPPING wand of iceblast (11) at -5,-5 (Urug;
                  | floor).
  9255 | D:10     | 9255 ||| ZAPPING wand of iceblast (10) at -4,-4 (Urug;
                  | floor).
  9256 | D:10     | 9256 ||| ZAPPING wand of iceblast (9) at -4,-4 (Urug;
                  | floor).
  9256 | D:10     | Killed Urug
  9301 | D:10     | 9301 ||| READING scroll of enchant armour.
  9301 | D:10     | 9301 ||| ENCHANTING +2 steam dragon scales.
  9384 | D:10     | Found an ancient bone altar of Kikubaaqudgha.
  9384 | D:10     | Found an iron altar of Okawaru.
  9385 | D:10     | 9385 ||| PLANNING OKAWARU WORSHIP
  9389 | D:10     | Became a worshipper of Warmaster Okawaru
  9390 | D:10     | 9390 ||| PLANNING D:1-11
  9501 | D:10     | Found a staircase to the Orcish Mines.
  9502 | D:10     | 9502 ||| RETREEEEATING.
  9528 | D:10     | Reached * piety under Okawaru
  9540 | D:10     | Reached skill level 1 in Invocations
  9742 | D:11     | Noticed Psyche
  9743 | D:11     | 9743 ||| RETREEEEATING.
  9745 | D:11     | 9745 ||| RETREEEEATING.
  9747 | D:11     | 9747 ||| RETREEEEATING.
  9753 | D:11     | 9753 ||| RETREEEEATING.
  9755 | D:11     | 9755 ||| RETREEEEATING.
  9756 | D:11     | 9756 ||| RETREEEEATING.
  9757 | D:11     | 9757 ||| RETREEEEATING.
  9758 | D:11     | 9758 ||| RETREEEEATING.
  9759 | D:11     | 9759 ||| RETREEEEATING.
  9760 | D:11     | 9760 ||| RETREEEEATING.
  9761 | D:11     | 9761 ||| RETREEEEATING.
  9765 | D:11     | 9765 ||| INVOKING Heroism.
  9766 | D:11     | Killed Psyche
  9774 | D:11     | Reached skill level 17 in Dodging
  9780 | D:11     | Reached ** piety under Okawaru
  9835 | D:11     | Noticed Erolcha
  9836 | D:11     | 9836 ||| INVOKING Heroism.
  9840 | D:11     | Killed Erolcha
  9841 | D:11     | Reached skill level 3 in Invocations
  9938 | D:11     | Reached XP level 12. HP: 45/60 MP: 15/15
 10106 | D:11     | 10106 ||| READING scroll of brand weapon.
 10106 | D:11     | 10106 ||| BRANDING +0 orcbow.
 10151 | D:11     | Noticed a boulder beetle
 10152 | D:11     | 10152 ||| INVOKING Heroism.
 10165 | D:11     | Killed a boulder beetle
 10354 | D:11     | Noticed a two-headed ogre
 10355 | D:11     | 10355 ||| INVOKING Heroism.
 10480 | D:11     | 10480 ||| INVOKING Heroism.
 10487 | D:11     | Killed a two-headed ogre
 10558 | D:11     | 10558 ||| DRINKING 4 potions of resistance.
 10586 | D:11     | 10586 ||| READING scroll of enchant armour.
 10586 | D:11     | 10586 ||| ENCHANTING +3 steam dragon scales.
 10624 | D:11     | Found a staircase to the Lair.
 10671 | D:11     | Reached *** piety under Okawaru
 10906 | D:11     | 10906 ||| PLANNING LAIR
 10906 | D:11     | 10906 ||| READING scroll of identify.
 10906 | D:11     | 10906 ||| IDENTIFYING scroll labelled BAITHR YWKISE
 10907 | D:11     | 10907 ||| READING scroll of enchant weapon.
 10907 | D:11     | 10907 ||| ENCHANTING +0 heavy orcbow.
 11008 | Lair:1   | Entered Level 1 of the Lair of Beasts
 11044 | Lair:1   | Noticed Joseph
 11047 | Lair:1   | Reached skill level 6 in Fighting
 11056 | Lair:1   | Killed Joseph
 11168 | Lair:1   | Found a shadowy altar of Dithmenos.
 11273 | Lair:1   | Found a transporter.
 11425 | Lair:1   | Found a transporter.
 11773 | Lair:1   | 11773 ||| READING scroll of identify.
 11773 | Lair:1   | 11773 ||| IDENTIFYING green potion
 11774 | Lair:1   | 11774 ||| DROPPING potion of brilliance.
 11814 | Lair:2   | 11814 ||| PLANNING GAUNTLET
 11855 | Lair:2   | Found a hole to the Spider Nest.
 11883 | Lair:2   | Reached **** piety under Okawaru
 11940 | Lair:2   | Reached skill level 18 in Dodging
 12214 | Lair:2   | 12214 ||| RETREEEEATING.
 12332 | Lair:2   | Reached ***** piety under Okawaru
 12341 | Lair:2   | Reached skill level 6 in Invocations
 12449 | Lair:2   | Found a staircase to the Shoals.
 12501 | Lair:2   | 12501 ||| RIP GAUNTLET
 12525 | Lair:2   | 12525 ||| PLANNING LAIR
 12809 | Lair:3   | Reached XP level 13. HP: 65/65 MP: 18/18
 13010 | Lair:3   | 13010 ||| RETREEEEATING.
 13025 | Lair:3   | 13025 ||| RETREEEEATING.
 13029 | Lair:3   | Reached skill level 15 in Ranged Weapons
 13048 | Lair:3   | Received a gift from Okawaru
 13369 | Lair:3   | 13369 ||| RETREEEEATING.
 13522 | Lair:3   | 13522 ||| RETREEEEATING.
 13523 | Lair:3   | 13523 ||| RETREEEEATING.
 13524 | Lair:3   | 13524 ||| RETREEEEATING.
 13525 | Lair:3   | 13525 ||| RETREEEEATING.
 13526 | Lair:3   | 13526 ||| RETREEEEATING.
 13531 | Lair:3   | 13531 ||| RETREEEEATING.
 13532 | Lair:3   | 13532 ||| RETREEEEATING.
 13533 | Lair:3   | 13533 ||| FLEEEEING.
 13534 | Lair:3   | 13534 ||| FLEEEEING.
 13535 | Lair:3   | 13535 ||| FLEEEEING.
 13536 | Lair:3   | 13536 ||| FLEEEEING.
 13537 | Lair:3   | 13537 ||| FLEEEEING.
 13538 | Lair:3   | 13538 ||| FLEEEEING.
 13542 | Lair:3   | HP: 2/65 [dream sheep (22)]
 13543 | Lair:3   | 13543 ||| READING 2 scrolls of teleportation.
 13544 | Lair:3   | 13544 ||| RETREEEEATING.
 13545 | Lair:3   | 13545 ||| RETREEEEATING.
 13546 | Lair:3   | 13546 ||| RETREEEEATING.
 13547 | Lair:3   | 13547 ||| RETREEEEATING.
 13548 | Lair:3   | 13548 ||| FLEEEEING.
 13803 | Lair:3   | 13803 ||| READING 3 scrolls of identify.
 13803 | Lair:3   | 13803 ||| IDENTIFYING black potion
 14007 | Lair:4   | Found a frozen archway.
 14024 | Lair:4   | 14024 ||| RETREEEEATING.
 14028 | Lair:4   | 14028 ||| RETREEEEATING.
 14029 | Lair:4   | 14029 ||| RETREEEEATING.
 14030 | Lair:4   | 14030 ||| RETREEEEATING.
 14214 | Lair:4   | Received a gift from Okawaru
 14250 | Lair:4   | Found a staircase to the Slime Pits.
 14284 | Lair:4   | Noticed Sonja
 14287 | Lair:4   | 14287 ||| INVOKING Finesse.
 14293 | Lair:4   | Killed Sonja
 14395 | Lair:4   | 14395 ||| READING scroll of enchant weapon.
 14395 | Lair:4   | 14395 ||| ENCHANTING +1 heavy orcbow.
 14556 | Lair:4   | 14556 ||| DROPPING ring of magical power.
 14557 | Lair:4   | 14557 ||| READING 2 scrolls of identify.
 14557 | Lair:4   | 14557 ||| IDENTIFYING scroll labelled SIRU WIGAG MAC
 14558 | Lair:4   | 14558 ||| DROPPING scroll of vulnerability.
 14579 | Lair:5   | Entered Level 5 of the Lair of Beasts
 14584 | Lair:5   | Reached skill level 19 in Dodging
 14619 | Lair:5   | 14619 ||| RETREEEEATING.
 14622 | Lair:5   | Reached skill level 9 in Invocations
 14625 | Lair:5   | 14625 ||| RETREEEEATING.
 14627 | Lair:5   | 14627 ||| RETREEEEATING.
 14628 | Lair:5   | 14628 ||| RETREEEEATING.
 14629 | Lair:5   | 14629 ||| RETREEEEATING.
 14630 | Lair:5   | 14630 ||| RETREEEEATING.
 14632 | Lair:5   | 14632 ||| RETREEEEATING.
 14633 | Lair:5   | 14633 ||| RETREEEEATING.
 14634 | Lair:5   | 14634 ||| RETREEEEATING.
 14636 | Lair:5   | 14636 ||| RETREEEEATING.
 14637 | Lair:5   | 14637 ||| RETREEEEATING.
 14645 | Lair:5   | Received a gift from Okawaru
 14747 | Lair:5   | Reached ****** piety under Okawaru
 14748 | Lair:5   | 14748 ||| INVOKING Receive Weapon.
 14748 | Lair:5   | 14748 ||| ACQUIRING +8 arbalest "Ugesor" {flame, Int+2}
 14748 | Lair:5   | Acquired the +8 arbalest "Ugesor" {flame, Int+2}
 14748 | Lair:5   | Received a gift from Okawaru
 14750 | Lair:5   | 14750 ||| INVOKING Receive Armour.
 14750 | Lair:5   | 14750 ||| ACQUIRING +0 cloak "Xyesautz" {^Drain rC- Regen+
                  | SInv Stlth+}
 14750 | Lair:5   | Acquired the +0 cloak "Xyesautz" {^Drain rC- Regen+ SInv
                  | Stlth+}
 14750 | Lair:5   | Received a gift from Okawaru
 14752 | Lair:5   | 14752 ||| SWAPPING to +8 arbalest "Ugesor" {flame, Int+2}.
 14753 | Lair:5   | 14753 ||| DROPPING +2 heavy orcbow.
 14923 | Lair:5   | 14923 ||| RETREEEEATING.
 14925 | Lair:5   | 14925 ||| RETREEEEATING.
 14926 | Lair:5   | Received a gift from Okawaru
 14931 | Lair:5   | 14931 ||| RETREEEEATING.
 15030 | Lair:5   | 15030 ||| RETREEEEATING.
 15033 | Lair:5   | 15033 ||| RETREEEEATING.
 15035 | Lair:5   | 15035 ||| RETREEEEATING.
 15036 | Lair:5   | 15036 ||| RETREEEEATING.
 15038 | Lair:5   | Reached XP level 14. HP: 70/70 MP: 22/22
 15147 | Lair:5   | Received a gift from Okawaru
 15162 | Lair:5   | 15162 ||| FLEEEEING.
 15163 | Lair:5   | 15163 ||| FLEEEEING.
 15164 | Lair:5   | 15164 ||| FLEEEEING.
 15171 | Lair:5   | 15171 ||| INVOKING Finesse.
 15172 | Lair:5   | 15172 ||| INVOKING Heroism.
 15307 | Lair:5   | Got an earthy gem with 451 turns to spare
 15541 | Lair:5   | 15541 ||| PLANNING D
 15541 | Lair:5   | 15541 ||| DROPPING +0 cloak.
 15542 | Lair:5   | 15542 ||| DROPPING +1 robe of fire resistance.
 15786 | D:12     | 15786 ||| RETREEEEATING.
 15788 | D:12     | 15788 ||| RETREEEEATING.
 15790 | D:12     | 15790 ||| RETREEEEATING.
 15792 | D:12     | 15792 ||| RETREEEEATING.
 15793 | D:12     | 15793 ||| RETREEEEATING.
 16059 | D:12     | Noticed Azrael
 16064 | D:12     | Killed Azrael
 16319 | D:12     | Received a gift from Okawaru
 16387 | D:12     | Reached skill level 20 in Dodging
 16873 | D:13     | Received a gift from Okawaru
 17128 | D:13     | 17128 ||| RETREEEEATING.
 17129 | D:13     | 17129 ||| RETREEEEATING.
 17130 | D:13     | 17130 ||| RETREEEEATING.
 17131 | D:13     | 17131 ||| RETREEEEATING.
 17132 | D:13     | 17132 ||| RETREEEEATING.
 17133 | D:13     | 17133 ||| RETREEEEATING.
 17163 | D:13     | 17163 ||| RETREEEEATING.
 17164 | D:13     | 17164 ||| RETREEEEATING.
 17166 | D:13     | 17166 ||| RETREEEEATING.
 17167 | D:13     | 17167 ||| RETREEEEATING.
 17168 | D:13     | 17168 ||| RETREEEEATING.
 17169 | D:13     | 17169 ||| RETREEEEATING.
 17170 | D:13     | 17170 ||| RETREEEEATING.
 17171 | D:13     | 17171 ||| RETREEEEATING.
 17226 | D:13     | Found a gate to the Vaults.
 17227 | D:13     | 17227 ||| RETREEEEATING.
 17228 | D:13     | 17228 ||| RETREEEEATING.
 17229 | D:13     | 17229 ||| RETREEEEATING.
 17230 | D:13     | 17230 ||| RETREEEEATING.
 17231 | D:13     | 17231 ||| RETREEEEATING.
 17233 | D:13     | 17233 ||| RETREEEEATING.
 17237 | D:13     | 17237 ||| RETREEEEATING.
 17238 | D:13     | 17238 ||| RETREEEEATING.
 17239 | D:13     | 17239 ||| RETREEEEATING.
 17240 | D:13     | 17240 ||| RETREEEEATING.
 17241 | D:13     | 17241 ||| RETREEEEATING.
 17242 | D:13     | 17242 ||| RETREEEEATING.
 17243 | D:13     | 17243 ||| RETREEEEATING.
 17245 | D:13     | 17245 ||| ZAPPING wand of quicksilver (15) at 7,6
                  | (arcanist; floor).
 17246 | D:13     | 17246 ||| ZAPPING wand of quicksilver (14) at 7,6
                  | (arcanist; floor).
 17247 | D:13     | 17247 ||| INVOKING Finesse.
 17462 | D:13     | Received a gift from Okawaru
 17501 | D:13     | 17501 ||| DROPPING +2 robe of cold resistance.
 17571 | D:14     | Noticed Lodul
 17572 | D:14     | 17572 ||| INVOKING Finesse.
 17594 | D:14     | Killed Lodul
 17850 | D:14     | Reached skill level 21 in Dodging
 17851 | D:14     | 17851 ||| RETREEEEATING.
 17857 | D:14     | 17857 ||| RETREEEEATING.
 17858 | D:14     | 17858 ||| RETREEEEATING.
 18124 | D:14     | Received a gift from Okawaru
 18173 | D:14     | 18173 ||| RETREEEEATING.
 18176 | D:14     | 18176 ||| RETREEEEATING.
 18179 | D:14     | 18179 ||| RETREEEEATING.
 18196 | D:14     | Reached XP level 15. HP: 75/75 MP: 23/23
 18231 | D:14     | 18231 ||| RETREEEEATING.
 18965 | D:15     | Entered Level 15 of the Dungeon
 19119 | D:15     | Found a staircase to the Depths.
 19125 | D:15     | 19125 ||| RETREEEEATING.
 19128 | D:15     | 19128 ||| FLEEEEING.
 19129 | D:15     | 19129 ||| RETREEEEATING.
 19130 | D:15     | 19130 ||| RETREEEEATING.
 19131 | D:15     | 19131 ||| RETREEEEATING.
 19132 | D:15     | 19132 ||| RETREEEEATING.
 19133 | D:15     | 19133 ||| RETREEEEATING.
 19135 | D:15     | 19135 ||| RETREEEEATING.
 19136 | D:15     | 19136 ||| RETREEEEATING.
 19137 | D:15     | 19137 ||| FLEEEEING.
 19138 | D:15     | 19138 ||| FLEEEEING.
 19141 | D:15     | HP: 16/75 [skeletal warrior/+0 hand axe (16)]
 19142 | D:15     | 19142 ||| READING 2 scrolls of teleportation.
 19143 | D:15     | 19143 ||| DRINKING 4 potions of heal wounds.
 19285 | D:15     | Received a gift from Okawaru
 19289 | D:15     | 19289 ||| RETREEEEATING.
 19309 | D:15     | Reached skill level 22 in Dodging
 19523 | D:15     | 19523 ||| INVOKING Finesse.
 19671 | D:15     | 19671 ||| PLANNING ORC
 19671 | D:15     | 19671 ||| READING 3 scrolls of identify.
 19671 | D:15     | 19671 ||| IDENTIFYING fizzy red potion
 19864 | Orc:1    | Entered Level 1 of the Orcish Mines
 19864 | Orc:1    | Found Wivoqial's Antique Weapon Shop.
 19877 | Orc:1    | 19877 ||| BUYING glowing orcbow (162 gold).
 19877 | Orc:1    | Bought a glowing orcbow for 162 gold pieces
 19877 | Orc:1    | 19877 ||| DROPPING +2 orcbow of freezing.
 20100 | Orc:1    | Received a gift from Okawaru
 20101 | Orc:1    | Reached skill level 18 in Ranged Weapons
 20309 | Orc:2    | Entered Level 2 of the Orcish Mines
 20309 | Orc:2    | Found a staircase to the Elven Halls.
 20310 | Orc:2    | 20310 ||| STAIRDANCE
 20315 | Orc:2    | 20315 ||| STAIRDANCE
 20351 | Orc:2    | 20351 ||| STAIRDANCE
 20364 | Orc:2    | 20364 ||| STAIRDANCE
 20378 | Orc:2    | 20378 ||| STAIRDANCE
 20385 | Orc:2    | 20385 ||| STAIRDANCE
 20484 | Orc:2    | 20484 ||| STAIRDANCE
 20540 | Orc:2    | 20540 ||| STAIRDANCE
 20567 | Orc:2    | 20567 ||| STAIRDANCE
 20591 | Orc:2    | 20591 ||| STAIRDANCE
 20598 | Orc:2    | 20598 ||| STAIRDANCE
 20606 | Orc:2    | 20606 ||| STAIRDANCE
 20658 | Orc:2    | 20658 ||| STAIRDANCE
 20724 | Orc:2    | 20724 ||| STAIRDANCE
 20732 | Orc:2    | 20732 ||| STAIRDANCE
 20841 | Orc:2    | Found Zausuyb's Armour Boutique.
 20853 | Orc:2    | 20853 ||| BUYING +1 robe of Vines {NoPotionHeal Regen++++}
                  | (1120 gold).
 20853 | Orc:2    | Bought the +1 robe of Vines {NoPotionHeal Regen++++} for
                  | 1120 gold pieces
 20853 | Orc:2    | Found the +1 robe of Vines {NoPotionHeal Regen++++}
 20896 | Orc:2    | 20896 ||| FLEEEEING.
 20897 | Orc:2    | 20897 ||| FLEEEEING.
 20898 | Orc:2    | 20898 ||| FLEEEEING.
 20899 | Orc:2    | 20899 ||| FLEEEEING.
 21108 | Orc:2    | Found Ynobeg's Book Emporium.
 21114 | Orc:2    | Found Xoocsew's Weapon Shoppe.
 21153 | Orc:2    | Found Izxulogh's Weapon Shop.
 21321 | Orc:2    | 21321 ||| INVOKING Finesse.
 21334 | Orc:2    | Received a gift from Okawaru
 21372 | Orc:2    | 21372 ||| FLEEEEING.
 21373 | Orc:2    | 21373 ||| FLEEEEING.
 21374 | Orc:2    | 21374 ||| FLEEEEING.
 21375 | Orc:2    | 21375 ||| FLEEEEING.
 21376 | Orc:2    | 21376 ||| FLEEEEING.
 21377 | Orc:2    | 21377 ||| FLEEEEING.
 21378 | Orc:2    | 21378 ||| FLEEEEING.
 21380 | Orc:2    | 21380 ||| FLEEEEING.
 21381 | Orc:2    | 21381 ||| FLEEEEING.
 21382 | Orc:2    | 21382 ||| FLEEEEING.
 21384 | Orc:2    | 21384 ||| FLEEEEING.
 21385 | Orc:2    | 21385 ||| FLEEEEING.
 21387 | Orc:2    | 21387 ||| FLEEEEING.
 21392 | Orc:2    | 21392 ||| FLEEEEING.
 21393 | Orc:2    | 21393 ||| FLEEEEING.
 21394 | Orc:2    | 21394 ||| FLEEEEING.
 21395 | Orc:2    | 21395 ||| FLEEEEING.
 21396 | Orc:2    | 21396 ||| FLEEEEING.
 21397 | Orc:2    | 21397 ||| FLEEEEING.
 21399 | Orc:2    | 21399 ||| FLEEEEING.
 21402 | Orc:2    | 21402 ||| FLEEEEING.
 21403 | Orc:2    | 21403 ||| FLEEEEING.
 21404 | Orc:2    | 21404 ||| FLEEEEING.
 21405 | Orc:2    | 21405 ||| FLEEEEING.
 21406 | Orc:2    | 21406 ||| FLEEEEING.
 21409 | Orc:2    | 21409 ||| FLEEEEING.
 21410 | Orc:2    | 21410 ||| FLEEEEING.
 21411 | Orc:2    | 21411 ||| FLEEEEING.
 21412 | Orc:2    | 21412 ||| FLEEEEING.
 21413 | Orc:2    | 21413 ||| FLEEEEING.
 21575 | Orc:2    | Found Usaph's Book Shoppe.
 21577 | Orc:2    | Found Husenig's Assorted Antiques.
 21580 | Orc:2    | Found Tirure's Distillery.
 21581 | Orc:2    | Found Cysan's Distillery.
 21585 | Orc:2    | 21585 ||| BUYING scroll of enchant armour (262 gold).
 21585 | Orc:2    | Bought a scroll of enchant armour for 262 gold pieces
 21585 | Orc:2    | 21585 ||| BUYING scroll of identify (70 gold).
 21585 | Orc:2    | Bought a scroll of identify for 70 gold pieces
 21585 | Orc:2    | 21585 ||| BUYING scroll of identify (70 gold).
 21585 | Orc:2    | Bought a scroll of identify for 70 gold pieces
 21585 | Orc:2    | 21585 ||| READING scroll of enchant armour.
 21585 | Orc:2    | 21585 ||| ENCHANTING +4 steam dragon scales.
 21590 | Orc:2    | 21590 ||| BUYING potion of cancellation (96 gold).
 21590 | Orc:2    | Bought a potion of cancellation for 96 gold pieces
 21590 | Orc:2    | 21590 ||| BUYING potion of curing (36 gold).
 21590 | Orc:2    | Bought a potion of curing for 36 gold pieces
 21590 | Orc:2    | 21590 ||| BUYING potion of curing (36 gold).
 21590 | Orc:2    | Bought a potion of curing for 36 gold pieces
 21590 | Orc:2    | 21590 ||| BUYING potion of enlightenment (60 gold).
 21590 | Orc:2    | Bought a potion of enlightenment for 60 gold pieces
 21590 | Orc:2    | 21590 ||| BUYING potion of mutation (96 gold).
 21590 | Orc:2    | Bought a potion of mutation for 96 gold pieces
 21590 | Orc:2    | 21590 ||| BUYING potion of resistance (120 gold).
 21590 | Orc:2    | Bought a potion of resistance for 120 gold pieces
 21591 | Orc:2    | 21591 ||| BUYING potion of curing (51 gold).
 21591 | Orc:2    | Bought a potion of curing for 51 gold pieces
 21591 | Orc:2    | 21591 ||| BUYING potion of curing (51 gold).
 21591 | Orc:2    | Bought a potion of curing for 51 gold pieces
 21591 | Orc:2    | 21591 ||| BUYING potion of curing (51 gold).
 21591 | Orc:2    | Bought a potion of curing for 51 gold pieces
 21591 | Orc:2    | 21591 ||| BUYING potion of heal wounds (85 gold).
 21591 | Orc:2    | Bought a potion of heal wounds for 85 gold pieces
 21591 | Orc:2    | 21591 ||| BUYING potion of might (68 gold).
 21591 | Orc:2    | Bought a potion of might for 68 gold pieces
 21591 | Orc:2    | 21591 ||| BUYING potion of might (68 gold).
 21591 | Orc:2    | Bought a potion of might for 68 gold pieces
 21600 | Orc:2    | 21600 ||| PLANNING SPIDER:1-3
 21600 | Orc:2    | 21600 ||| UPGRADING to +1 robe of Vines {NoPotionHeal
                  | Regen++++}.
 21610 | Orc:2    | 21610 ||| DROPPING +5 steam dragon scales.
 21799 | Spider:1 | Entered Level 1 of the Spider Nest
 21801 | Spider:1 | 21801 ||| STAIRDANCE
 21806 | Spider:1 | 21806 ||| DRINKING 18 potions of curing.
 21806 | Spider:1 | 21806 ||| (to cure confusion)
 21873 | Spider:1 | Noticed an emperor scorpion
 21874 | Spider:1 | 21874 ||| INVOKING Finesse.
 21882 | Spider:1 | Killed an emperor scorpion
 21883 | Spider:1 | Reached skill level 23 in Dodging
 22038 | Spider:1 | Received a gift from Okawaru
 22043 | Spider:1 | 22043 ||| RETREEEEATING.
 22044 | Spider:1 | 22044 ||| RETREEEEATING.
 22076 | Spider:1 | Noticed Roxanne
 22077 | Spider:1 | 22077 ||| INVOKING Finesse.
 22098 | Spider:1 | Killed Roxanne
 22317 | Spider:1 | Reached XP level 16. HP: 81/81 MP: 24/24
 22420 | Spider:2 | 22420 ||| STAIRDANCE
 22425 | Spider:2 | 22425 ||| STAIRDANCE
 22432 | Spider:2 | 22432 ||| STAIRDANCE
 22456 | Spider:2 | Received a gift from Okawaru
 22476 | Spider:2 | Found the necklace of Bloodlust {Fury *Rage Will++ Int-3
                  | Slay+6}
 22586 | Spider:2 | Noticed Cumomo's ghost (adept SpEn)
 22612 | Spider:2 | Reached skill level 24 in Dodging
 22616 | Spider:2 | 22616 ||| INVOKING Finesse.
 22618 | Spider:2 | HP: 4/81 [radroach (34)]
 22619 | Spider:2 | 22619 ||| READING 2 scrolls of teleportation.
 22622 | Spider:2 | 22622 ||| FLEEEEING.
 22624 | Spider:2 | HP: 13/81 [entropy weaver (3)]
 22625 | Spider:2 | Noticed Frances
 22626 | Spider:2 | 22626 ||| READING scroll of teleportation.
 22645 | Spider:2 | Killed Frances
 22789 | Spider:2 | Found a transporter.
 22793 | Spider:2 | Found a transporter.
 23157 | Spider:3 | Reached skill level 9 in Fighting
 23214 | Spider:3 | Noticed Asterion
 23215 | Spider:3 | 23215 ||| INVOKING Finesse.
 23222 | Spider:3 | Killed Asterion
 23230 | Spider:3 | Received a gift from Okawaru
 23247 | Spider:3 | 23247 ||| FLEEEEING.
 23248 | Spider:3 | 23248 ||| FLEEEEING.
 23249 | Spider:3 | 23249 ||| FLEEEEING.
 23250 | Spider:3 | 23250 ||| FLEEEEING.
 23251 | Spider:3 | 23251 ||| FLEEEEING.
 23252 | Spider:3 | 23252 ||| FLEEEEING.
 23253 | Spider:3 | 23253 ||| FLEEEEING.
 23254 | Spider:3 | 23254 ||| FLEEEEING.
 23255 | Spider:3 | 23255 ||| FLEEEEING.
 23257 | Spider:3 | 23257 ||| FLEEEEING.
 23258 | Spider:3 | 23258 ||| FLEEEEING.
 23259 | Spider:3 | 23259 ||| FLEEEEING.
 23260 | Spider:3 | 23260 ||| FLEEEEING.
 23261 | Spider:3 | 23261 ||| FLEEEEING.
 23454 | Spider:3 | 23454 ||| INVOKING Finesse.
 23756 | Spider:3 | 23756 ||| ZAPPING wand of quicksilver (16) at 1,2 (entropy
                  | weaver; floor).
 23757 | Spider:3 | 23757 ||| ZAPPING wand of quicksilver (15) at 2,1 (entropy
                  | weaver; floor).
 23758 | Spider:3 | 23758 ||| INVOKING Finesse.
 24034 | Spider:3 | 24034 ||| PLANNING SHOALS:1-3
 24172 | Shoals:1 | Entered Level 1 of the Shoals
 24303 | Shoals:1 | Found Zeadghuvu's Weapon Shop.
 24333 | Shoals:1 | Received a gift from Okawaru
 24334 | Shoals:1 | Reached skill level 25 in Dodging
 24339 | Shoals:1 | 24339 ||| RETREEEEATING.
 24737 | Shoals:2 | 24737 ||| INVOKING Finesse.
 24741 | Shoals:2 | 24741 ||| STAIRDANCE
 24778 | Shoals:2 | Noticed Louise
 24783 | Shoals:2 | Killed Louise
 24803 | Shoals:2 | 24803 ||| INVOKING Finesse.
 24943 | Shoals:2 | 24943 ||| RETREEEEATING.
 24959 | Shoals:2 | Reached skill level 26 in Dodging
 25009 | Shoals:2 | Received a gift from Okawaru
 25011 | Shoals:2 | 25011 ||| FLEEEEING.
 25357 | Shoals:2 | Reached XP level 17. HP: 89/89 MP: 25/25
 25447 | Shoals:3 | 25447 ||| STAIRDANCE
 25557 | Shoals:3 | 25557 ||| STAIRDANCE
 25566 | Shoals:3 | 25566 ||| STAIRDANCE
 25596 | Shoals:3 | 25596 ||| INVOKING Finesse.
 25600 | Shoals:3 | 25600 ||| STAIRDANCE
 25645 | Shoals:3 | Noticed Mara
 25650 | Shoals:3 | 25650 ||| STAIRDANCE
 25657 | Shoals:3 | 25657 ||| ZAPPING wand of quicksilver (14) at 3,-7 (Mara;
                  | floor).
 25658 | Shoals:3 | 25658 ||| STAIRDANCE
 25665 | Shoals:3 | 25665 ||| STAIRDANCE
 25674 | Shoals:3 | 25674 ||| ZAPPING wand of quicksilver (13) at 5,-7 (Mara;
                  | floor).
 25675 | Shoals:3 | 25675 ||| INVOKING Finesse.
 25676 | Shoals:3 | 25676 ||| STAIRDANCE
 25725 | Shoals:3 | Noticed qw's illusion
 25727 | Shoals:3 | 25727 ||| STAIRDANCE
 25732 | Shoals:3 | 25732 ||| STAIRDANCE
 25736 | Shoals:3 | 25736 ||| STAIRDANCE
 25740 | Shoals:3 | 25740 ||| STAIRDANCE
 25744 | Shoals:3 | 25744 ||| STAIRDANCE
 25749 | Shoals:3 | 25749 ||| STAIRDANCE
 25758 | Shoals:3 | 25758 ||| STAIRDANCE
 25762 | Shoals:3 | 25762 ||| STAIRDANCE
 25766 | Shoals:3 | 25766 ||| STAIRDANCE
 25768 | Shoals:2 | 25768 ||| INVOKING Finesse.
 25772 | Shoals:2 | HP: 7/89 [Mara/+2 demon whip of electrocution (18)]
 25773 | Shoals:2 | 25773 ||| READING scroll of teleportation.
 25775 | Shoals:2 | HP: 2/89 [Mara (illusionary)/bolt of fire (12)]
 25891 | Shoals:3 | Received a gift from Okawaru
 25906 | Shoals:3 | Identified the serpent talisman of Tevveepn {Dex+2 SInv}
 25906 | Shoals:3 | Noticed Aizul
 25916 | Shoals:3 | Killed Aizul
 25952 | Shoals:3 | Noticed a titan
 25964 | Shoals:3 | 25964 ||| INVOKING Finesse.
 25965 | Shoals:3 | 25965 ||| INVOKING Heroism.
 25969 | Shoals:3 | Killed a titan
 26424 | Shoals:3 | 26424 ||| PLANNING SPIDER:4
 26472 | Shoals:2 | 26472 ||| INVOKING Finesse.
 26485 | Shoals:2 | Killed Mara
 26651 | Spider:4 | Entered Level 4 of the Spider Nest
 26654 | Spider:4 | 26654 ||| STAIRDANCE
 26669 | Spider:4 | 26669 ||| STAIRDANCE
 26726 | Spider:4 | 26726 ||| RETREEEEATING.
 26727 | Spider:4 | 26727 ||| RETREEEEATING.
 26728 | Spider:4 | 26728 ||| RETREEEEATING.
 26729 | Spider:4 | 26729 ||| RETREEEEATING.
 26730 | Spider:4 | 26730 ||| RETREEEEATING.
 26731 | Spider:4 | 26731 ||| RETREEEEATING.
 26732 | Spider:4 | 26732 ||| RETREEEEATING.
 26749 | Spider:4 | Received a gift from Okawaru
 26774 | Spider:4 | 26774 ||| RETREEEEATING.
 26775 | Spider:4 | 26775 ||| RETREEEEATING.
 26777 | Spider:4 | 26777 ||| RETREEEEATING.
 26778 | Spider:4 | 26778 ||| RETREEEEATING.
 26779 | Spider:4 | 26779 ||| RETREEEEATING.
 26780 | Spider:4 | 26780 ||| RETREEEEATING.
 26781 | Spider:4 | 26781 ||| RETREEEEATING.
 26782 | Spider:4 | 26782 ||| RETREEEEATING.
 26783 | Spider:4 | 26783 ||| RETREEEEATING.
 26784 | Spider:4 | 26784 ||| RETREEEEATING.
 26785 | Spider:4 | 26785 ||| RETREEEEATING.
 26786 | Spider:4 | 26786 ||| RETREEEEATING.
 26787 | Spider:4 | 26787 ||| RETREEEEATING.
 26788 | Spider:4 | 26788 ||| RETREEEEATING.
 26789 | Spider:4 | 26789 ||| RETREEEEATING.
 26790 | Spider:4 | 26790 ||| RETREEEEATING.
 26791 | Spider:4 | 26791 ||| RETREEEEATING.
 26792 | Spider:4 | 26792 ||| RETREEEEATING.
 26793 | Spider:4 | 26793 ||| RETREEEEATING.
 26794 | Spider:4 | 26794 ||| INVOKING Finesse.
 26795 | Spider:4 | 26795 ||| RETREEEEATING.
 26796 | Spider:4 | 26796 ||| RETREEEEATING.
 26797 | Spider:4 | 26797 ||| RETREEEEATING.
 26798 | Spider:4 | 26798 ||| RETREEEEATING.
 26799 | Spider:4 | 26799 ||| RETREEEEATING.
 26800 | Spider:4 | 26800 ||| INVOKING Heroism.
 26801 | Spider:4 | 26801 ||| RETREEEEATING.
 26804 | Spider:4 | 26804 ||| RETREEEEATING.
 26811 | Spider:4 | Reached skill level 27 in Dodging
 26811 | Spider:4 | 26811 ||| RETREEEEATING.
 26812 | Spider:4 | 26812 ||| RETREEEEATING.
 26813 | Spider:4 | 26813 ||| RETREEEEATING.
 26816 | Spider:4 | 26816 ||| RETREEEEATING.
 26817 | Spider:4 | 26817 ||| RETREEEEATING.
 26818 | Spider:4 | 26818 ||| RETREEEEATING.
 26819 | Spider:4 | 26819 ||| RETREEEEATING.
 26820 | Spider:4 | 26820 ||| RETREEEEATING.
 26821 | Spider:4 | 26821 ||| RETREEEEATING.
 26826 | Spider:4 | 26826 ||| DRINKING 7 potions of resistance.
 26847 | Spider:4 | HP: 15/91 [wolf spider (10)]
 26848 | Spider:4 | 26848 ||| READING scroll of teleportation.
 26855 | Spider:4 | HP: 16/91 [wolf spider (10)]
 26921 | Spider:4 | Identified the +0 hat of Inaction {rElec rF+ rN+ Regen+}
 26924 | Spider:4 | Got a gossamer rune of Zot
 26927 | Spider:4 | Identified the +0 pair of boots "Loyroegh" {rF+}
 26936 | Spider:4 | Got a milky-white gem with 568 turns to spare
 26991 | Spider:4 | 26991 ||| DRINKING 6 potions of resistance.
 27054 | Spider:4 | Received a gift from Okawaru
 27055 | Spider:4 | Reached skill level 12 in Fighting
 27304 | Spider:4 | 27304 ||| RETREEEEATING.
 27676 | Spider:4 | 27676 ||| PLANNING VAULTS:1-4
 27676 | Spider:4 | 27676 ||| UPGRADING to +2 hat of willpower.
 27681 | Spider:4 | 27681 ||| UPGRADING to +0 hat of Inaction {rElec rF+ rN+
                  | Regen+}.
 27691 | Spider:4 | 27691 ||| DROPPING +2 hat of willpower.
 27692 | Spider:4 | 27692 ||| UPGRADING to +0 cloak "Xyesautz" {^Drain rC-
                  | Regen+ SInv Stlth+}.
 27977 | Vaults:1 | Entered Level 1 of the Vaults
 27994 | Vaults:1 | 27994 ||| RETREEEEATING.
 27995 | Vaults:1 | 27995 ||| RETREEEEATING.
 27996 | Vaults:1 | 27996 ||| RETREEEEATING.
 27997 | Vaults:1 | 27997 ||| RETREEEEATING.
 27998 | Vaults:1 | 27998 ||| RETREEEEATING.
 27999 | Vaults:1 | 27999 ||| RETREEEEATING.
 28000 | Vaults:1 | 28000 ||| RETREEEEATING.
 28001 | Vaults:1 | 28001 ||| RETREEEEATING.
 28002 | Vaults:1 | 28002 ||| RETREEEEATING.
 28003 | Vaults:1 | 28003 ||| RETREEEEATING.
 28004 | Vaults:1 | 28004 ||| RETREEEEATING.
 28005 | Vaults:1 | 28005 ||| RETREEEEATING.
 28008 | Vaults:1 | 28008 ||| INVOKING Finesse.
 28025 | Vaults:1 | Received a gift from Okawaru
 28050 | Vaults:1 | HP: 22/94 [ironbound frostheart/creeping frost (33)]
 28091 | Vaults:1 | 28091 ||| ZAPPING wand of quicksilver (12) at -2,-3
                  | (enormous slime creature; floor).
 28092 | Vaults:1 | 28092 ||| ZAPPING wand of quicksilver (11) at -2,-3
                  | (titanic slime creature; floor).
 28100 | Vaults:1 | Reached XP level 18. HP: 100/100 MP: 26/26
 28138 | Vaults:1 | 28138 ||| ZAPPING wand of quicksilver (10) at -6,-1
                  | (ironbound frostheart; floor).
 28138 | Vaults:1 | Received a gift from Okawaru
 28139 | Vaults:1 | 28139 ||| ZAPPING wand of quicksilver (9) at -6,-1
                  | (ironbound frostheart; floor).
 28235 | Vaults:1 | 28235 ||| INVOKING Finesse.
 28347 | Vaults:1 | 28347 ||| RETREEEEATING.
 28348 | Vaults:1 | 28348 ||| INVOKING Finesse.
 28431 | Vaults:1 | Found Fueheunt's Distillery.
 28444 | Vaults:1 | 28444 ||| BUYING 2 potions of cancellation (336 gold).
 28444 | Vaults:1 | Bought 2 potions of cancellation for 336 gold pieces
 28444 | Vaults:1 | 28444 ||| BUYING 2 potions of cancellation (336 gold).
 28444 | Vaults:1 | Bought 2 potions of cancellation for 336 gold pieces
 28444 | Vaults:1 | 28444 ||| BUYING potion of curing (63 gold).
 28444 | Vaults:1 | Bought a potion of curing for 63 gold pieces
 28444 | Vaults:1 | 28444 ||| BUYING potion of curing (63 gold).
 28444 | Vaults:1 | Bought a potion of curing for 63 gold pieces
 28444 | Vaults:1 | 28444 ||| BUYING potion of curing (63 gold).
 28444 | Vaults:1 | Bought a potion of curing for 63 gold pieces
 28444 | Vaults:1 | 28444 ||| BUYING potion of curing (63 gold).
 28444 | Vaults:1 | Bought a potion of curing for 63 gold pieces
 28571 | Vaults:1 | Paralysed by a formless jellyfish for 1 turns
 28760 | Vaults:1 | 28760 ||| DROPPING wand of mindburst (6).
 28865 | Vaults:1 | 28865 ||| RETREEEEATING.
 28868 | Vaults:1 | 28868 ||| RETREEEEATING.
 28872 | Vaults:1 | 28872 ||| RETREEEEATING.
 28873 | Vaults:1 | 28873 ||| RETREEEEATING.
 28874 | Vaults:1 | 28874 ||| RETREEEEATING.
 28875 | Vaults:1 | 28875 ||| RETREEEEATING.
 28876 | Vaults:1 | 28876 ||| RETREEEEATING.
 28877 | Vaults:1 | 28877 ||| RETREEEEATING.
 28878 | Vaults:1 | 28878 ||| RETREEEEATING.
 28879 | Vaults:1 | 28879 ||| RETREEEEATING.
 28880 | Vaults:1 | 28880 ||| RETREEEEATING.
 28881 | Vaults:1 | 28881 ||| RETREEEEATING.
 28883 | Vaults:1 | 28883 ||| RETREEEEATING.
 28885 | Vaults:1 | 28885 ||| RETREEEEATING.
 28887 | Vaults:1 | 28887 ||| RETREEEEATING.
 28889 | Vaults:1 | 28889 ||| RETREEEEATING.
 28891 | Vaults:1 | 28891 ||| RETREEEEATING.
 28894 | Vaults:1 | 28894 ||| RETREEEEATING.
 28936 | Vaults:1 | 28936 ||| RETREEEEATING.
 28937 | Vaults:1 | 28937 ||| RETREEEEATING.
 28938 | Vaults:1 | 28938 ||| RETREEEEATING.
 28939 | Vaults:1 | 28939 ||| INVOKING Finesse.
 29092 | Vaults:1 | 29092 ||| INVOKING Finesse.
 29096 | Vaults:1 | Received a gift from Okawaru
 29180 | Vaults:1 | Paralysed by a formless jellyfish for 1 turns
 29434 | Vaults:2 | Reached skill level 15 in Fighting
 29455 | Vaults:2 | 29455 ||| RETREEEEATING.
 29457 | Vaults:2 | 29457 ||| RETREEEEATING.
 29464 | Vaults:2 | Reached skill level 3 in Armour
 29606 | Vaults:2 | 29606 ||| ZAPPING wand of quicksilver (8) at -2,3
                  | (ironbound frostheart; floor).
 29607 | Vaults:2 | 29607 ||| ZAPPING wand of quicksilver (7) at -2,2
                  | (ironbound frostheart; floor).
 29608 | Vaults:2 | 29608 ||| ZAPPING wand of quicksilver (6) at -2,2
                  | (ironbound frostheart; floor).
 29609 | Vaults:2 | 29609 ||| ZAPPING wand of quicksilver (5) at -2,2
                  | (ironbound frostheart; floor).
 29610 | Vaults:2 | 29610 ||| ZAPPING wand of quicksilver (4) at -2,2
                  | (ironbound frostheart; floor).
 29611 | Vaults:2 | 29611 ||| INVOKING Finesse.
 29618 | Vaults:2 | 29618 ||| INVOKING Heroism.
 29700 | Vaults:2 | Noticed Donald
 29702 | Vaults:2 | Killed Donald
 29725 | Vaults:2 | Found Kycw's Armour Boutique.
 29740 | Vaults:2 | 29740 ||| INVOKING Finesse.
 29751 | Vaults:2 | Received a gift from Okawaru
 29930 | Vaults:2 | 29930 ||| RETREEEEATING.
 29934 | Vaults:2 | 29934 ||| INVOKING Finesse.
 29974 | Vaults:2 | Found a staircase to the Crypt.
 30021 | Vaults:2 | Received a gift from Okawaru
 30141 | Vaults:2 | 30141 ||| INVOKING Finesse.
 30332 | Vaults:2 | 30332 ||| DROPPING ring of positive energy.
 30497 | Vaults:3 | 30497 ||| RETREEEEATING.
 30498 | Vaults:3 | 30498 ||| RETREEEEATING.
 30499 | Vaults:3 | 30499 ||| RETREEEEATING.
 30500 | Vaults:3 | 30500 ||| INVOKING Finesse.
 30501 | Vaults:3 | 30501 ||| INVOKING Finesse.
 30506 | Vaults:3 | Reached XP level 19. HP: 99/111 MP: 21/27
 30579 | Vaults:3 | 30579 ||| RETREEEEATING.
 30582 | Vaults:3 | 30582 ||| INVOKING Finesse.
 30957 | Vaults:3 | 30957 ||| RETREEEEATING.
 30958 | Vaults:3 | 30958 ||| RETREEEEATING.
 30959 | Vaults:3 | 30959 ||| RETREEEEATING.
 30961 | Vaults:3 | Identified the orb of Spaghetti {light, MP+9 Int-5 SInv
                  | Stlth+}
 30961 | Vaults:3 | Noticed Frederick
 30962 | Vaults:3 | 30962 ||| INVOKING Finesse.
 30964 | Vaults:3 | 30964 ||| INVOKING Heroism.
 30970 | Vaults:3 | Received a gift from Okawaru
 30983 | Vaults:3 | Killed Frederick
 30984 | Vaults:3 | 30984 ||| RETREEEEATING.
 30989 | Vaults:3 | 30989 ||| RETREEEEATING.
 30990 | Vaults:3 | 30990 ||| RETREEEEATING.
 30993 | Vaults:3 | 30993 ||| INVOKING Finesse.
 31009 | Vaults:3 | 31009 ||| FLEEEEING.
 31010 | Vaults:3 | 31010 ||| FLEEEEING.
 31011 | Vaults:3 | 31011 ||| FLEEEEING.
 31012 | Vaults:3 | 31012 ||| FLEEEEING.
 31013 | Vaults:3 | 31013 ||| FLEEEEING.
 31017 | Vaults:3 | 31017 ||| FLEEEEING.
 31018 | Vaults:3 | 31018 ||| FLEEEEING.
 31019 | Vaults:3 | 31019 ||| FLEEEEING.
 31020 | Vaults:3 | 31020 ||| FLEEEEING.
 31021 | Vaults:3 | 31021 ||| FLEEEEING.
 31028 | Vaults:3 | 31028 ||| INVOKING Finesse.
 31034 | Vaults:3 | 31034 ||| FLEEEEING.
 31035 | Vaults:3 | 31035 ||| FLEEEEING.
 31466 | Vaults:3 | 31466 ||| DROPPING amulet of guardian spirit.
 31467 | Vaults:3 | 31467 ||| DROPPING amulet of the acrobat.
 31515 | Vaults:4 | 31515 ||| PLANNING BAZAAR
 31526 | Vaults:4 | 31526 ||| INVOKING Finesse.
 31527 | Vaults:4 | 31527 ||| INVOKING Heroism.
 31530 | Vaults:4 | 31530 ||| READING scroll of teleportation.
 31571 | Vaults:4 | Found a flickering gateway to a bazaar.
 31580 | Bazaar   | Entered a bazaar
 31580 | Bazaar   | Found Seusinni's Armour Shoppe.
 31580 | Bazaar   | Found Uciof's Book Shoppe.
 31580 | Bazaar   | Found Gystrof's Distillery.
 31604 | Bazaar   | 31604 ||| BUYING potion of cancellation (56 gold).
 31604 | Bazaar   | Bought a potion of cancellation for 56 gold pieces
 31604 | Bazaar   | 31604 ||| BUYING potion of curing (21 gold).
 31604 | Bazaar   | Bought a potion of curing for 21 gold pieces
 31604 | Bazaar   | 31604 ||| BUYING potion of curing (21 gold).
 31604 | Bazaar   | Bought a potion of curing for 21 gold pieces
 31604 | Bazaar   | 31604 ||| BUYING potion of heal wounds (35 gold).
 31604 | Bazaar   | Bought a potion of heal wounds for 35 gold pieces
 31604 | Bazaar   | 31604 ||| BUYING potion of heal wounds (35 gold).
 31604 | Bazaar   | Bought a potion of heal wounds for 35 gold pieces
 31604 | Bazaar   | 31604 ||| BUYING potion of magic (56 gold).
 31604 | Bazaar   | Bought a potion of magic for 56 gold pieces
 31604 | Bazaar   | 31604 ||| BUYING potion of might (28 gold).
 31604 | Bazaar   | Bought a potion of might for 28 gold pieces
 31613 | Vaults:4 | 31613 ||| PLANNING VAULTS:1-4
 32039 | Vaults:4 | 32039 ||| INVOKING Finesse.
 32165 | Vaults:4 | 32165 ||| INVOKING Finesse.
 32166 | Vaults:4 | 32166 ||| INVOKING Heroism.
 32333 | Vaults:4 | 32333 ||| INVOKING Finesse.
 32389 | Vaults:4 | Reached skill level 18 in Fighting
 32631 | Vaults:4 | 32631 ||| PLANNING SHOALS:4
 33034 | Shoals:4 | Entered Level 4 of the Shoals
 33081 | Shoals:4 | Identified the +8 mace "Unuonlim" {heavy, rElec}
 33127 | Shoals:4 | Found Ysai's Self-Improvement Boutique.
 33219 | Shoals:4 | 33219 ||| RETREEEEATING.
 33346 | Shoals:4 | Got a barnacled rune of Zot
 33406 | Shoals:4 | Received a gift from Okawaru
 33681 | Shoals:4 | 33681 ||| PLANNING DEPTHS
 34041 | Depths:1 | Entered Level 1 of the Depths
 34062 | Depths:1 | 34062 ||| RETREEEEATING.
 34070 | Depths:1 | 34070 ||| RETREEEEATING.
 34079 | Depths:1 | 34079 ||| ZAPPING wand of quicksilver (9) at -3,4 (hell
                  | knight; floor).
 34084 | Depths:1 | Reached XP level 20. HP: 121/121 MP: 28/28
 34086 | Depths:1 | 34086 ||| ZAPPING wand of quicksilver (8) at -1,3 (hell
                  | knight; floor).
 34087 | Depths:1 | 34087 ||| INVOKING Finesse.
 34136 | Depths:1 | 34136 ||| RETREEEEATING.
 34138 | Depths:1 | 34138 ||| RETREEEEATING.
 34140 | Depths:1 | 34140 ||| RETREEEEATING.
 34144 | Depths:1 | 34144 ||| RETREEEEATING.
 34146 | Depths:1 | 34146 ||| RETREEEEATING.
 34148 | Depths:1 | 34148 ||| RETREEEEATING.
 34149 | Depths:1 | 34149 ||| INVOKING Finesse.
 34150 | Depths:1 | 34150 ||| INVOKING Heroism.
 34219 | Depths:1 | 34219 ||| RETREEEEATING.
 34220 | Depths:1 | 34220 ||| RETREEEEATING.
 34221 | Depths:1 | 34221 ||| RETREEEEATING.
 34222 | Depths:1 | 34222 ||| RETREEEEATING.
 34224 | Depths:1 | 34224 ||| ZAPPING wand of quicksilver (7) at 0,7 (spriggan
                  | air mage; floor).
 34225 | Depths:1 | 34225 ||| INVOKING Finesse.
 34278 | Depths:1 | Identified the serpent talisman "Faxke" {rF+ Will+ Dex-5}
 34293 | Depths:1 | 34293 ||| INVOKING Finesse.
 34366 | Depths:1 | 34366 ||| INVOKING Finesse.
 34368 | Depths:1 | 34368 ||| FLEEEEING.
 34378 | Depths:1 | HP: 30/121 [spriggan air mage/the air (21)]
 34379 | Depths:1 | 34379 ||| READING 2 scrolls of teleportation.
 34381 | Depths:1 | HP: 13/121 [spriggan air mage (14)]
 34386 | Depths:1 | 34386 ||| READING scroll of teleportation.
 34391 | Depths:1 | HP: 24/121 [spriggan air mage/the air (18)]
 34433 | Depths:1 | 34433 ||| INVOKING Finesse.
 34465 | Depths:1 | Found a one-way gate to the infinite horrors of the Abyss.
 34548 | Depths:1 | Found a gateway to Hell.
 34683 | Depths:1 | 34683 ||| INVOKING Finesse.
 34853 | Depths:1 | 34853 ||| UPGRADING to +2 cloak.
 34907 | Depths:2 | Received a gift from Okawaru
 34909 | Depths:2 | 34909 ||| INVOKING Finesse.
 34983 | Depths:2 | 34983 ||| INVOKING Finesse.
 35038 | Depths:2 | 35038 ||| RETREEEEATING.
 35039 | Depths:2 | 35039 ||| RETREEEEATING.
 35042 | Depths:2 | 35042 ||| RETREEEEATING.
 35044 | Depths:2 | 35044 ||| RETREEEEATING.
 35045 | Depths:2 | 35045 ||| RETREEEEATING.
 35046 | Depths:2 | 35046 ||| RETREEEEATING.
 35047 | Depths:2 | 35047 ||| RETREEEEATING.
 35048 | Depths:2 | 35048 ||| RETREEEEATING.
 35049 | Depths:2 | 35049 ||| RETREEEEATING.
 35050 | Depths:2 | 35050 ||| RETREEEEATING.
 35051 | Depths:2 | 35051 ||| RETREEEEATING.
 35052 | Depths:2 | 35052 ||| RETREEEEATING.
 35053 | Depths:2 | 35053 ||| RETREEEEATING.
 35054 | Depths:2 | 35054 ||| RETREEEEATING.
 35055 | Depths:2 | 35055 ||| INVOKING Finesse.
 35186 | Depths:2 | Noticed a royal mummy
 35187 | Depths:2 | 35187 ||| INVOKING Finesse.
 35195 | Depths:2 | Killed a royal mummy
 35226 | Depths:2 | You fall into a shaft and drop 1 floor!
 35227 | Depths:3 | 35227 ||| INVOKING Finesse.
 35237 | Depths:3 | 35237 ||| INVOKING Heroism.
 35312 | Depths:2 | Received a gift from Okawaru
 35325 | Depths:2 | 35325 ||| INVOKING Finesse.
 35354 | Depths:2 | 35354 ||| RETREEEEATING.
 35355 | Depths:2 | 35355 ||| INVOKING Finesse.
 35413 | Depths:2 | Noticed an ancient lich
 35414 | Depths:2 | Found a one-way gateway to a ziggurat.
 35416 | Depths:2 | 35416 ||| INVOKING Finesse.
 35524 | Depths:2 | Found Logeyx's Jewellery Shop.
 35524 | Depths:2 | Found Hidaob's Book Emporium.
 35525 | Depths:2 | Found Cieril's Book Emporium.
 35533 | Depths:2 | 35533 ||| BUYING +6 ring of dexterity (684 gold).
 35533 | Depths:2 | Bought a +6 ring of dexterity for 684 gold pieces
 35837 | Depths:2 | Found a one-way gate leading to the halls of Pandemonium.
 35929 | Depths:2 | Noticed a dread lich
 35930 | Depths:2 | 35930 ||| INVOKING Finesse.
 35939 | Depths:2 | Killed an ancient lich
 35945 | Depths:2 | Killed a dread lich
 36023 | Depths:2 | 36023 ||| DROPPING +5 ring of evasion.
 36084 | Depths:3 | Found Hihiewk's Weapon Shop.
 36125 | Depths:3 | 36125 ||| RETREEEEATING.
 36126 | Depths:3 | 36126 ||| RETREEEEATING.
 36127 | Depths:3 | 36127 ||| RETREEEEATING.
 36128 | Depths:3 | 36128 ||| RETREEEEATING.
 36149 | Depths:2 | Found the +7 lajatang of Order {silver, rMut}
 36152 | Depths:2 | 36152 ||| Stepping randomly (stuck).
 36176 | Depths:3 | Found a transporter.
 36220 | Depths:3 | 36220 ||| INVOKING Finesse.
 36233 | Depths:3 | 36233 ||| RETREEEEATING.
 36234 | Depths:3 | 36234 ||| RETREEEEATING.
 36235 | Depths:3 | 36235 ||| RETREEEEATING.
 36236 | Depths:3 | 36236 ||| RETREEEEATING.
 36237 | Depths:3 | 36237 ||| RETREEEEATING.
 36238 | Depths:3 | 36238 ||| RETREEEEATING.
 36239 | Depths:3 | 36239 ||| RETREEEEATING.
 36240 | Depths:3 | 36240 ||| RETREEEEATING.
 36241 | Depths:3 | 36241 ||| RETREEEEATING.
 36242 | Depths:3 | 36242 ||| RETREEEEATING.
 36243 | Depths:3 | 36243 ||| RETREEEEATING.
 36245 | Depths:3 | 36245 ||| RETREEEEATING.
 36246 | Depths:3 | 36246 ||| RETREEEEATING.
 36252 | Depths:3 | 36252 ||| RETREEEEATING.
 36285 | Depths:3 | Reached XP level 21. HP: 128/128 MP: 29/29
 36427 | Depths:3 | Received a gift from Okawaru
 36442 | Depths:3 | Found a shimmering altar of Xom.
 36454 | Depths:3 | Noticed Norris
 36455 | Depths:3 | 36455 ||| ZAPPING wand of quicksilver (15) at -2,3 (Norris;
                  | shallow_water).
 36456 | Depths:3 | 36456 ||| INVOKING Finesse.
 36465 | Depths:3 | 36465 ||| INVOKING Heroism.
 36466 | Depths:3 | Killed Norris
 36602 | Depths:3 | 36602 ||| INVOKING Finesse.
 36664 | Depths:3 | Found a transporter.
 36666 | Depths:3 | Found a corrupted altar of Lugonu.
 36697 | Depths:4 | Entered Level 4 of the Depths
 36710 | Depths:4 | 36710 ||| INVOKING Finesse.
 36740 | Depths:4 | Noticed a juggernaut
 36750 | Depths:4 | Killed a juggernaut
 36895 | Depths:4 | 36895 ||| INVOKING Finesse.
 36990 | Depths:4 | 36990 ||| INVOKING Finesse.
 37038 | Depths:4 | Found a stormy altar of Qazlal.
 37055 | Depths:4 | Noticed Margery
 37055 | Depths:4 | Noticed a juggernaut
 37056 | Depths:4 | 37056 ||| INVOKING Finesse.
 37058 | Depths:4 | 37058 ||| RETREEEEATING.
 37066 | Depths:4 | 37066 ||| RETREEEEATING.
 37067 | Depths:4 | 37067 ||| RETREEEEATING.
 37075 | Depths:4 | 37075 ||| RETREEEEATING.
 37076 | Depths:4 | 37076 ||| RETREEEEATING.
 37077 | Depths:4 | 37077 ||| RETREEEEATING.
 37079 | Depths:4 | Killed a juggernaut
 37094 | Depths:4 | HP: 28/129 [deep elf high priest/damnation[Margery] (18)]
 37095 | Depths:4 | 37095 ||| READING 2 scrolls of teleportation.
 37096 | Depths:4 | Mangled by a hell knight

Levels and vault maps discovered:
D:1:      lemuel_arrival_muddy, layout_basic,
          hellmonk_ecumenical_altar_inner_sanctum, grunt_decor_resistance,
          minmay_pentomino_q2
D:2:      layout_basic, kennysheep_big_empty_room
D:3:      layout_basic, amcnicky_altar_gilded, serial_curves, eino_curves_02,
          eino_curves_01
D:4:      layout_rooms, gup_ossuary_entry_pyramid
D:5:      layout_loops_corners, zin_scriptorium,
          mainiacjoe_overflow_small_starburst, grunt_temple_overflow_open,
          minmay_misc_feat_tower, nicolae_zen_rock_garden,
          kennysheep_generic_room_12, uniq_edmund
D:6:      layout_loops_cross, dk_yredelemnul_ordeal
D:7:      layout_basic, minmay_temple_entry_steel_oval
D:8:      minmay_the_grid_octo_tiled_squarecenter
          [minmay_the_grid_octo_fan_narrow, minmay_the_grid_octo_thin_diamonds,
          minmay_the_grid_octo_empty, minmay_the_grid_octo_clover,
          minmay_the_grid_square_5x5_megaprize_crossed,
          minmay_the_grid_square_5x5_minimal, minmay_the_grid_square_5x5_lines,
          minmay_the_grid_square_5x5_intrusive_squares,
          minmay_the_grid_square_5x5_tri_point], layout_loops_ring,
          kennysheep_mini_moat, enter_bailey_2, hangedman_decor_riveting,
          chequers_serial_rivers_micro_d
D:9:      layout_irregular_city, minmay_misc_feat_rows,
          nicolae_straight_to_the_point
D:10:     layout_basic, nicolae_overflow_two_pavilions,
          kennysheep_orc_monster_closet_entryway, minmay_nine_imps, uniq_urug
D:11:     layout_stronghold, erik_lair_dragon, uniq_erolcha, uniq_psyche
D:12:     layout_roguey, hangedman_corner_corridor, uniq_azrael
D:13:     layout_loops_ring, grunt_vaults_entry_tiered, drop_trap
D:14:     layout_layer_cave, nicolae_triple_integral, serial_undead,
          serial_undead_e, serial_undead_b, serial_undead_d, serial_undead_e,
          uniq_lodul
D:15:     gammafunk_depths_entry_grave, layout_loops_cross,
          corexii_leaking_fountain
Temple:   nicolae_temple_hex_pool
Lair:1:   gammafunk_worm_tunnel, layout_long_grid, basic_altar, uniq_joseph
Lair:2:   layout_loops_ring, elwin_shoals_entry_stream,
          spider_nest_entry_web_field, gauntlet_entry_generic,
          beast_lair_carwin_8
Lair:3:   lemuel_ratsnest, layout_long_grid, nicolae_quartered_pool_medium,
          grunt_megastairs_4, infiniplex_staircase_pool
Lair:4:   layout_roguey, slime_entry_1, portal_ice_cave_entry_pillars_2,
          st_stairs_4, minivault_24, lemuel_another_geyser, uniq_sonja
Lair:5:   gammafunk_lair_ancient_temple, layout_hall_layers
Shoals:1: layout_shoals, serial_shops, nicolae_shop_real_fake_doors,
          nicolae_shoals_lost_giant_pillars, nicolae_shoals_pincushion_passage
Shoals:2: layout_shoals, nicolae_shoals_goliath_grotto, uniq_louise
Shoals:3: cheibrodos_shoals_gigantism, layout_shoals, uniq_mara, uniq_aizul
Shoals:4: shoals_end_grunt_garden, layout_shoals, nicolae_shop_self_help
Spider:1: layout_spider_delve, uniq_roxanne
Spider:2: layout_spider_delve, gammafunk_ghost_arena, uniq_frances
Spider:3: layout_spider_delve, uniq_asterion
Spider:4: grunt_spider_rune_island, nicolae_spider_some_kinda_spiderbox
Orc:1:    layout_caves, serial_shops, shop
Orc:2:    st_orc_pillars, layout_caves, serial_shops,
          nicolae_shop_tiny_waterfront, shop, nicolae_shop_statue_plus,
          nicolae_shop_trees
Vaults:1: nicolae_vaults_offset_grid_hallway_3, nicolae_vaults_c_with_doors,
          minmay_orc_keep, nicolae_vaults_network_quincunx
          [nicolae_vaults_network_quincunx_subvault,
          nicolae_vaults_network_quincunx_subvault,
          nicolae_vaults_network_quincunx_subvault,
          nicolae_vaults_network_quincunx_subvault,
          nicolae_vaults_network_quincunx_subvault], v_pattern_4,
          nicolae_vaults_border_crossing, nicolae_vaults_wine_cellar,
          nicolae_vaults_little_squares_4, ontoclasm_vaults_ligature,
          vaults_room_ringed_pool, v_misc_19, nicolae_vaults_prndl,
          ontoclasm_vaults_claustrophobia, nicolae_vaults_mitosis,
          nicolae_vaults_diamond_2, layout_vaults_omnibox, serial_shops,
          nicolae_shop_industrial_runoff
Vaults:2: minmay_crypt_entry_simple_plaza, v_misc_17,
          hangedman_vaults_variations, vaults_dpeg_diagonal,
          vaults_mumra_minichess_inversion,
          nicolae_vaults_taking_the_gang_shopping, layout_vaults_omnicross,
          uniq_donald
Vaults:3: grunt_vaults_swirl, nicolae_vaults_variable_pillar_hall,
          nicolae_vaults_doubleplus_tesselated,
          nicolae_vaults_variable_pillar_hall, ontoclasm_vaults_misaligned,
          v_misc_1, nicolae_vaults_shipping_containers_2,
          nicolae_vaults_variable_pillar_hall, vaults_room_fours,
          nicolae_vaults_sealed_display, nicolae_vaults_sesquioval_fish,
          nicolae_vaults_house_1, ontoclasm_vaults_fault,
          layout_vaults_big_room, uniq_frederick
Vaults:4: nicolae_vaults_murderbox, v_misc_22, nicolae_vaults_mini_display_case,
          vaults_room_fancy_cross, nicolae_vaults_house_1,
          nicolae_vaults_trapezoid_lopsided_1, nicolae_vaults_surprise_closet,
          vaults_room_corners, nicolae_vaults_trapezoid_1,
          dpeg_vaults_monster_box, layout_vaults_quadrants, serial_shops,
          bzr_entry_customers
Depths:1: layout_basic, hangedman_abyss_entry_splay, hell_entry,
          minmay_stone_trees_small, chequers_serial_rivers_micro_d,
          unseen_surprise_small, kennysheep_random_hallway
Depths:2: ragdoll_tomb_raider, layout_cave_pools, enter_ziggurat_d, hell_entry,
          rand_demon_pan_entry_4, minmay_staircase_windowed_large,
          minmay_shop_grove, firewood_loft
Depths:3: gammafunk_corrupted_shrine, layout_cave_pools, hell_entry,
          serial_shops, nicolae_shop_bloodbath_and_beyond, basic_altar,
          rand_demon_pan_entry_3, abyss_entry_small_statue_room,
          infiniplex_staircase_zigzag_3, uniq_norris
Depths:4: grunt_zot_entry_hairpin, layout_cave_pools, grunt_metal_band,
          grunt_pan_entry_in_and_out, abyss_entry,
          nicolae_qazlal_style_of_elements

Skill      XL: |  1  2  3  4  5  6  7  8  9 10 11 12 13 14 15 16 17 18 19 20 |
---------------+-------------------------------------------------------------+-----
Dodging        | 3 4 5 6 7 9 10 12 14 17 18 19 21 23 26 27 | 27.0
Ranged Weapons | 5 6 7 9 10 12 13 14 15 17 18 20 | 20.0
Fighting       | 2 3 4 5 6 7 8 10 13 16 19 20 | 20.9
Armour         | 1 2 3 4 |  4.1
Invocations    | 3 6 10 | 10.0
Stealth        | |  1.5

Action                     |  1- 3 |  4- 6 |  7- 9 | 10-12 | 13-15 | 16-18 | 19-21 || total
---------------------------+-------+-------+-------+-------+-------+-------+-------++-------
   Fire: Shortbow          |   110 |   135 |   320 |       |       |       |       ||   565
         Orcbow            |       |       |    88 |   785 |   321 |       |       ||  1194
         Arbalest          |       |       |       |       |   892 |  1359 |  1190 ||  3441
 Invoke: Heroism           |       |       |       |     5 |     1 |     3 |     6 ||    15
         Finesse           |       |       |       |       |     8 |    22 |    31 ||    61
         Receive Weapon    |       |       |       |       |     1 |       |       ||     1
         Receive Armour    |       |       |       |       |     1 |       |       ||     1
  Evoke: Wand              |       |       |     2 |    11 |     2 |    13 |     4 ||    32
    Use: Scroll            |     2 |    10 |    11 |    10 |     7 |     4 |     4 ||    48
         Potion            |     1 |       |     4 |     2 |     2 |     2 |       ||    11
 Armour: Robe              |    19 |    12 |    45 |    18 |     1 |   117 |    83 ||   295
         Steam dragon scal |       |       |       |    65 |    72 |       |       ||   137
  Dodge: Dodged            |    59 |    38 |   254 |   592 |   610 |   920 |   579 ||  3052

Table legend:
 A = Non-vault XP
 B = Vault XP
 C = Vault XP percentage of total XP
 D = Non-vault monster count
 E = Vault monster count
 F = Vault count percentage of total count
                 A         B        C        D         E       F
            +---------+---------+-------+---------+---------+-------
      Total |  381287 |  245131 |  39.1 |     955 |     525 |  35.5
            +---------+---------+-------+---------+---------+-------
        D:1 |      69 |       0 |   0.0 |      30 |       0 |   0.0
        D:2 |      40 |       0 |   0.0 |      15 |       0 |   0.0
        D:3 |     143 |       0 |   0.0 |      20 |       0 |   0.0
        D:4 |     180 |      18 |   9.1 |      11 |       1 |   8.3
        D:5 |     275 |     186 |  40.3 |       5 |       3 |  37.5
        D:6 |    1164 |       0 |   0.0 |      26 |       0 |   0.0
        D:7 |     604 |       0 |   0.0 |      10 |       0 |   0.0
        D:8 |     822 |    5127 |  86.2 |      13 |      25 |  65.8
        D:9 |    5940 |       0 |   0.0 |      34 |       0 |   0.0
       D:10 |    1483 |    2144 |  59.1 |      11 |      28 |  71.8
       D:11 |    5234 |    2134 |  29.0 |      33 |       7 |  17.5
       D:12 |    4499 |    3753 |  45.5 |      12 |      11 |  47.8
       D:13 |    5493 |    7884 |  58.9 |      16 |      25 |  61.0
       D:14 |    8473 |    5790 |  40.6 |      18 |      18 |  50.0
       D:15 |    9659 |    5146 |  34.8 |      21 |       7 |  25.0
     Lair:1 |    2953 |     430 |  12.7 |      15 |       1 |   6.2
     Lair:2 |    5652 |    2333 |  29.2 |      18 |      12 |  40.0
     Lair:3 |    4980 |    2827 |  36.2 |      27 |      48 |  64.0
     Lair:4 |    4177 |    1868 |  30.9 |      22 |       3 |  12.0
     Lair:5 |   13489 |    6032 |  30.9 |      37 |      15 |  28.8
   Shoals:1 |    3254 |    8247 |  71.7 |       8 |      11 |  57.9
   Shoals:2 |   22314 |    8402 |  27.4 |      45 |       6 |  11.8
   Shoals:3 |    4871 |    5189 |  51.6 |      12 |       5 |  29.4
   Shoals:4 |   11225 |   17953 |  61.5 |      25 |      31 |  55.4
   Spider:1 |   12190 |    1349 |  10.0 |      30 |       1 |   3.2
   Spider:2 |   10604 |    1534 |  12.6 |      24 |       1 |   4.0
   Spider:3 |   14713 |    1764 |  10.7 |      35 |       1 |   2.8
   Spider:4 |   15840 |   26077 |  62.2 |      33 |      44 |  57.1
      Orc:1 |    5842 |       0 |   0.0 |      56 |       0 |   0.0
      Orc:2 |    2450 |   11500 |  82.4 |      20 |      67 |  77.0
   Vaults:1 |   22052 |   26640 |  54.7 |      40 |      37 |  48.1
   Vaults:2 |   30791 |   16509 |  34.9 |      50 |      20 |  28.6
   Vaults:3 |   19732 |   19449 |  49.6 |      33 |      18 |  35.3
   Vaults:4 |   14371 |   12375 |  46.3 |      21 |      15 |  41.7
   Depths:1 |   23939 |    7478 |  23.8 |      33 |       6 |  15.4
   Depths:2 |   29692 |   24554 |  45.3 |      33 |      17 |  34.0
   Depths:3 |   36260 |    5386 |  12.9 |      41 |       5 |  10.9
   Depths:4 |   25818 |    3968 |  13.3 |      22 |       4 |  15.4
    Ossuary |       0 |    1085 | 100.0 |       0 |      32 | 100.0
            +---------+---------+-------+---------+---------+-------
